 Dungeon Crawl Stone Soup version 0.31-a0-255-g9c3d1c461a (webtiles) character file.

Game seed: 13246137407164582625

497948 qw the Conqueror (level 23, -6/240 HPs)
             Began as a Minotaur Hexslinger on July 12, 2023.
             Was a High Priest of Okawaru.
             Killed from afar by a yellow draconian annihilator (7 damage)
             ... with a glob of acid
             ... on level 4 of the Depths.
             The game lasted 00:26:59 (44028 turns).

qw the Conqueror (Minotaur Hexslinger)             Turns: 44028, Time: 00:26:59

Health: -6/240     AC: 20    Str: 15    XL:     23   Next: 70%
Magic:  34/34      EV: 44    Int:  6    God:    Okawaru [*****.]
Gold:   30         SH:  0    Dex: 30    Spells: 23/24 levels left

rFire   + + .        K - +27 heavy crossbow "Sniper" {heavy, Acc+∞ SInv}
rCold   + + .        (shield currently unavailable)
rNeg    . . .        F - +1 leather armour of Nutrawn {rC+ Regen+ Dex+2}
rPois   +            A - +2 hat "Doqokir" {+Blink rPois rC- Slay+4}
rElec   +            w - +1 cloak of Sukkew {Will+++ Int-3 SInv}
rCorr   +            d - +2 pair of gloves
SInv    +            C - +3 pair of mountain boots {steadfast, rC+}
Will    +++++        q - amulet of faith
Stlth   ++++         N - +5 ring of evasion
HPRegen 1.40/turn    r - ring of Oclomuet {Drain rElec rF+ Will+ Str+3}
MPRegen 0.24/turn

%: random rage (3%), faith
@: about to teleport, resistant, heroic, corroded, slowed, constricted, very
slow
A: horns 2, retaliatory headbutt, iridescent scales 1, agile 1, berserk 1
}: 3/15 runes: decaying, serpentine, silver
a: Renounce Religion, Evoke Blink, Heroism, Finesse, Duel


You were on level 4 of the Depths.
You worshipped Okawaru.
Okawaru was extremely pleased with you.
You visited 9 branches of the dungeon, and saw 41 of its levels.
You visited 1 bazaar.
You also visited: Ossuary and Wizlab.

You collected 6970 gold pieces.
You spent 6940 gold pieces at shops.


Innate Abilities, Weirdness & Mutations

You have a pair of horns on your head.
You reflexively headbutt those who attack you in melee.
You are partially covered in iridescent scales. (AC +2)
You are agile. (Dex +4, Str/Int -1)
You sometimes lose your temper in combat.


   Skills:
 O Level 27 Fighting
 - Level 22.0(27) Ranged Weapons
 - Level 22.0(27) Armour
 - Level 22.0(27) Dodging
 - Level 1.0 Spellcasting
 - Level 2.0 Hexes
 + Level 16.6 Invocations


You had 23 spell levels left.
You knew the following spells:

 Your Spells              Type           Power      Damage    Failure   Level
a - Slow                  Hex            8%         N/A       22%         1

Your spell library contained the following spells:

 Spells                   Type           Power      Damage    Failure   Level
 Inner Flame              Hex/Fire       1%         N/A       67%         3
 Portal Projectile        Hex/Tloc       2%         N/A       67%         3
 Cause Fear               Hex            1%         N/A       91%         4

Inventory:

Hand Weapons
 c - the +9 longbow of Destiny {speed, Will+++ Int-3 Dex+4 SInv}
   (Okawaru gifted it to you on level 13 of the Dungeon)

   Int:       It affects your intelligence (-3).
   Dex:       It affects your dexterity (+4).
   SInv:      It lets you see invisible.
   Will:      It greatly increases your willpower.
 K - the +27 heavy crossbow "Sniper" (weapon) {heavy, Acc+∞ SInv}
   (You acquired it on level 2 of the Swamp)

   Acc+∞: It never misses its target.
   SInv:      It lets you see invisible.
Armour
 d - a +2 pair of gloves (worn)
 g - the +0 leather armour of Beogh's Wrath {rF+ Will+ Str+3}
   (You found it on level 5 of the Lair of Beasts)

   Str:       It affects your strength (+3).
   rF:        It protects you from fire.
   Will:      It increases your willpower.
 k - the +2 ring mail of Lemily {rF++ rC+}
   (Okawaru gifted it to you on level 3 of the Depths)

   rF:        It greatly protects you from fire.
   rC:        It protects you from cold.
 m - the +0 cloak "Laterest" {Rampage Str-3 Slay+5 Stlth+}
   (Okawaru gifted it to you on level 5 of the Lair of Beasts)

   Str:       It affects your strength (-3).
   Slay:      It affects your accuracy & damage with ranged weapons and melee
   (+5).
   Rampage:   It bestows one free step when moving towards enemies.
   Stlth:     It makes you more stealthy.
 s - the +3 hat of Pondering {ponderous, Will+ MP+10 Int+5}
   (You took it off Gastronok on level 9 of the Dungeon)

   Int:       It affects your intelligence (+5).
   MP:        It affects your magic capacity (+10).
   Will:      It increases your willpower.
 w - the +1 cloak of Sukkew (worn) {Will+++ Int-3 SInv}
   (Okawaru gifted it to you on level 3 of the Vaults)

   Int:       It affects your intelligence (-3).
   SInv:      It lets you see invisible.
   Will:      It greatly increases your willpower.
 A - the +2 hat "Doqokir" (worn) {+Blink rPois rC- Slay+4}
   (Okawaru gifted it to you on level 1 of the Orcish Mines)

   Slay:      It affects your accuracy & damage with ranged weapons and melee
   (+4).
   rC:        It makes you vulnerable to cold.
   rPois:     It protects you from poison.
   +Blink:    It lets you blink.
 C - the +3 pair of mountain boots (worn) {steadfast, rC+}
   (Okawaru gifted it to you on level 1 of the Swamp)

   Steadfast: It prevents involuntary movement, except for blinking,
   teleportation, or banishment.
   rC:        It protects you from cold.
 F - the +1 leather armour of Nutrawn (worn) {rC+ Regen+ Dex+2}
   (You found it on level 5 of the Lair of Beasts)

   Dex:       It affects your dexterity (+2).
   rC:        It protects you from cold.
   Regen:     It increases your rate of health regeneration.
 L - quicksilver dragon scales
 M - the +0 ring mail of Defiance {-Tele Harm Fly rF++}
   (Okawaru gifted it to you on level 2 of the Vaults)

   rF:        It greatly protects you from fire.
   Fly:       It grants you flight.
   -Tele:     It prevents most forms of teleportation.
   Harm:      It increases damage dealt and taken.
Jewellery
 q - an amulet of faith (around neck)
 r - the ring of Oclomuet (right hand) {Drain rElec rF+ Will+ Str+3}
   (You found it on level 4 of the Swamp)

   [ring of protection from fire]

   Str:       It affects your strength (+3).
   rF:        It protects you from fire.
   rElec:     It insulates you from electricity.
   Drain:     It drains your maximum health when unequipped.
   Will:      It increases your willpower.
 u - the amulet of Peagogh {Acrobat +Inv rF++}
   (You found it on level 5 of the Vaults)

   [amulet of the acrobat]

   It increases your evasion while moving and waiting.
   rF:        It greatly protects you from fire.
   +Inv:      It lets you turn invisible.
 G - an amulet of reflection
 H - the ring of Veim {Fly rPois rF+ Int+4}
   (You bought it in a shop on level 1 of the Orcish Mines)

   [ring of flight]

   Int:       It affects your intelligence (+4).
   rF:        It protects you from fire.
   rPois:     It protects you from poison.
   Fly:       It grants you flight.
 I - the ring of Dahouh {rElec rF+ Dex-2 SInv}
   (You found it on level 11 of the Dungeon)

   [ring of see invisible]

   Dex:       It affects your dexterity (-2).
   rF:        It protects you from fire.
   rElec:     It insulates you from electricity.
   SInv:      It lets you see invisible.
 N - a +5 ring of evasion (left hand)
 Y - a +4 ring of protection
Wands
 e - a wand of digging (2)
Scrolls
 h - 11 scrolls of identify
 j - 9 scrolls of teleportation
 l - a scroll of brand weapon
 t - 3 scrolls of enchant weapon
 B - 6 scrolls of enchant armour
Potions
 a - 6 potions of heal wounds
 b - 13 potions of enlightenment
 f - 16 potions of might
 i - 24 potions of curing
 n - 4 potions of magic
 o - a potion of resistance
 p - 6 potions of mutation
 z - 5 potions of haste
 D - a potion of cancellation

Dungeon Overview and Level Annotations

Branches:
Dungeon (15/15)            Temple (1/1) D:7            Lair (5/5) D:11
  Swamp (4/4) Lair:2        Snake (4/4) Lair:3        Slime (0/5) Lair:5
    Orc (2/2) D:10            Elf (0/3) Orc:2        Vaults (5/5) D:13
  Crypt (0/3) Vaults:3     Depths (4/4) D:15            Zot (1/5) Depths:4
Ossuary (visited)          WizLab (visited)

Altars:
Ashenzari
Cheibriados
Dithmenos
Elyvilon
Fedhas
Gozag
Hepliaklqana
Kikubaaqudgha
Makhleb
Nemelex Xobeh
Okawaru
Qazlal
Ru
Sif Muna
Trog
Uskayaw
Vehumet
Wu Jian
Yredelemnul
Zin
The Shining One
Lugonu

Shops:
D:4 :   D:5 *   D:10 *   Orc:1 =   Orc:2 ![([   Snake:1 ?[*[   Snake:4 ?
Vaults:2 ?   Vaults:4 [[[   Depths:1 [   Depths:3 *[[(

Portals:
Hell: Depths:1 Depths:2 Depths:3 Depths:4
Abyss: Lair:5 Depths:3
Pandemonium: Depths:2 Depths:4
Ziggurat: Depths:4

Annotations:
D:5 2 transporters, qw's ghost, amateur MiHs
Lair:3 3 runed translucent doors, qw's ghost, journeyman GrHs
Swamp:1 1 runed translucent door, qw's ghost, adept GrFi
Snake:1 2 runed translucent doors, Razfen's ghost, adept GnWn
Snake:3 1 runed translucent door, qw's ghost, adept GrHs
Depths:1 1 runed translucent door


Message History

The glob of acid hits you! You resist. The acid corrodes you!
The tentacled monstrosity tentacle-slaps you but does no damage.
The tentacled monstrosity completely misses you.
The tentacled monstrosity closely misses you.
The orb of fire emits a lurid red light.
Strange energies course through your body.
You feel a little pissed off.
The tentacled monstrosity barely misses you.
You furiously retaliate!
You headbutt the tentacled monstrosity.
The tentacled monstrosity completely misses you. x2
The tentacled monstrosity constricts you.
The yellow draconian annihilator closely misses you.
You furiously retaliate!
You headbutt the yellow draconian annihilator.
The tentacled monstrosity misses you.
The tentacled monstrosity completely misses you.
The tentacled monstrosity tentacle-slaps you but does no damage.
The tentacled monstrosity tentacle-slaps you!
The tentacled monstrosity tentacle-slaps you but does no damage.
The tentacled monstrosity completely misses you.
The tentacled monstrosity constricts you.
The yellow draconian annihilator casts a spell.
The yellow draconian annihilator blinks!
44028 ||| READING 10 scrolls of teleportation.
As you read the scroll of teleportation, it crumbles to dust.
You feel strangely unstable. The tentacled monstrosity misses you.
The tentacled monstrosity tentacle-slaps you!
The tentacled monstrosity completely misses you.
The tentacled monstrosity tentacle-slaps you.
The tentacled monstrosity tentacle-slaps you but does no damage.
The tentacled monstrosity completely misses you.
The tentacled monstrosity constricts you.
The tentacled monstrosity misses you. You furiously retaliate!
You headbutt the tentacled monstrosity.
The tentacled monstrosity completely misses you.
The tentacled monstrosity misses you.
The yellow draconian annihilator spits acid at you.
The glob of acid hits you! You resist.
You die...

..#.......###..#....#....###.#
..#.......####......#........#
..#......##...........########
..##................####....###
...###.......#......##........##
.....#####...#..[...#..##''##..#
........#############.##....##.#
.........(..'[DqXX# #.#......#.#
............'.D*@.# #.#......#.#
........########### #.#......#.#
.....#####........###'#......#'##
...###....)...........##.\..##..#
..##...................######...#
..#.............................#
..##......).....................#
..###<....)....%.##.#############
..#......)).......###


You could see an orb of fire, 2 tentacled monstrosities, a golden dragon
(berserk), a storm dragon (berserk, very poisoned) and a yellow draconian
annihilator (poisoned, catching breath).

Vanquished Creatures
  A dread lich (Vaults:5)
  2 juggernauts (Depths:3)
  Sojobo (Depths:2)
  Saint Roka (Depths:2)
  5 caustic shrikes
  A golden dragon (Depths:2)
  the Enchantress (Depths:3)
  Jorgrun (Swamp:1)
  4 tentacled monstrosities (Vaults:5)
  Mlioglotl (Swamp:3)
  2 walking earthen tomes
  A lich (Depths:3)
  3 quicksilver dragons
  3 death cobs
  3 titans
  2 walking divine tomes (Depths:3)
  Gastronok (D:9)
  7 shadow dragons
  4 thorn hunters
  7 sphinxes
  Kirke (D:14)
  5 storm dragons
  Aizul (Swamp:1)
  Roxanne (D:14)
  10 tengu reavers
  6 nagarajas
  2 fenstrider witches
  17 frost giants
  A draconian scorcher (Depths:4)
  10 fire giants
  10 iron dragons
  Louise (Swamp:1)
  19 vault wardens
  A deep elf sorcerer (Vaults:5)
  A ghoul (Vaults:3)
  24 ironbound preservers
  7 spriggan defenders
  3 spectral caustic shrikes (Depths:2)
  A draconian annihilator (Depths:4)
  An orc warlord (Vaults:3)
  A quicksilver ooze (shapeshifter) (Vaults:5)
  21 very ugly things
  5 war gargoyles
  21 stone giants
  6 ironbound thunderhulks
  2 formless jellyfish
  5 eleionomae
  6 vampire knights
  3 bunyips
  4 black draconians (Depths:4)
  5 spark wasps
  22 dire elephants
  4 yellow draconians (Depths:4)
  8 ettins
  2 jiangshi (Depths:1)
  3 deep elf death magi
  7 fire dragons
  Josephine (Lair:3)
  3 crystal guardians
  2 deep elf high priests
  19 yaktaur captains
  6 ice dragons
  20 hydras
  A shambling mangrove (Swamp:3)
  5 rakshasas
  4 great orbs of eyes
  An entropy weaver (Vaults:5)
  An ice dragon (shapeshifter) (Depths:3)
  Harold (D:10)
  39 vault guards
  4 peacekeepers
  3 ogre magi
  10 centaur warriors
  3 spriggan air magi
  13 anacondas
  18 two-headed ogres
  A catoblepas (Lair:1)
  7 death yaks
  6 boulder beetles
  5 alligators
  8 ironbound frosthearts
  9 deep troll earth magi
  4 tengu warriors
  19 naga warriors
  12 orc high priests
  Urug (D:10)
  2 vampire magi
  8 deep troll shamans
  3 thrashing horrors (Lair:5)
  20 naga sharpshooters
  4 shock serpents
  5 spriggan berserkers
  23 hell knights
  3 skeletal warriors (D:12)
  Nergalle (D:12)
  A sixfirhy (D:13)
  4 iron trolls
  2 salamander mystics
  Lodul (D:12)
  A death drake (shapeshifter) (Depths:3)
  6 sea snakes
  A sun demon (D:13)
  3 flayed ghosts
  3 glowing orange brains
  5 naga ritualists
  An orb spider (shapeshifter) (Vaults:5)
  4 goliath frogs
  An orange crystal statue (Depths:3)
  2 spriggan druids
  10 swamp dragons
  65 deep trolls
  2 bog bodies
  A phantasmal warrior (Vaults:5)
  7 wizards
  20 ironbound convokers
  9 lindwurms
  5 orc knights
  10 harpies
  A deep elf pyromancer (D:14)
  A deep elf zephyrmancer (D:15)
  4 manticores
  7 mana vipers
  6 necromancers
  5 orc sorcerers
  44 ugly things
  A cyclops (shapeshifter) (Depths:2)
  2 cyclopes
  30 black mambas
  9 will-o-the-wisps
  12 salamanders
  16 vault sentinels
  16 elephants
  A rust devil (D:13)
  Maurice (D:9)
  A water nymph (shapeshifter) (Vaults:5)
  10 guardian serpents
  A torpor snail (Lair:5)
  3 gargoyles
  4 smoke demons
  10 naga magi
  4 orange demons
  12 cane toads
  11 komodo dragons
  2 unseen horrors (Depths:3)
  2 efreet
  2 yaktaurs (shapeshifter)
  Maggie (Lair:1)
  2 ancient zymes (Lair:5)
  3 rime drakes
  2 kobold demonologists (D:11)
  4 freezing wraiths
  2 ice devils (D:13)
  5 tengu conjurers
  48 yaktaurs
  2 polar bears
  2 wolf spider simulacra (D:14)
  3 red devils (D:11)
  4 trolls
  2 bloated husks (Swamp:2)
  7 hornets
  A spriggan zombie (WizLab)
  9 tyrant leeches
  3 hellwings (D:13)
  A dream sheep (Lair:5)
  23 blink frogs
  A slime creature (shapeshifter) (Vaults:5)
  17 slime creatures
  A jumping spider (shapeshifter) (Depths:3)
  A large abomination (Lair:5)
  8 spriggans
  A spriggan (shapeshifter) (Lair:5)
  11 wraiths
  A water elemental (Depths:2)
  A ynoxinul (Lair:5)
  9 small abominations (Lair:5)
  2 wyverns
  4 fire bats (D:10)
  6 basilisks
  34 yaks
  13 humans
  2 redbacks (Vaults:5)
  A death yak simulacrum (Lair:3)
  A hog (D:12)
  A steam dragon (Lair:1)
  A redback (shapeshifter) (Depths:4)
  4 chaos spawn
  Menkaure (D:4)
  10 vampire mosquitoes
  11 wargs
  45 nagas
  16 swamp worms
  2 acid dragons
  24 water moccasins
  A hell hound (D:10)
  7 swamp drakes
  4 black bears
  17 orc warriors
  2 ice beasts
  A sky beast (D:6)
  A hornet zombie (Ossuary)
  21 ogres
  4 boggarts
  5 wolves (Lair:5)
  16 centaurs
  3 phantoms
  3 kobold brigands
  A wyvern zombie (Ossuary)
  8 bullfrogs
  2 gnoll sergeants
  2 cane toad simulacra (Lair:3)
  6 scorpions
  3 water moccasin zombies (Ossuary)
  29 killer bees
  A vampire bat (Lair:1)
  A howler monkey (D:8)
  6 electric eels
  3 bullfrog zombies (Ossuary)
  3 centaur zombies (Ossuary)
  2 lava snakes (D:10)
  7 hounds
  A human zombie (D:5)
  6 jellies
  32 orc priests
  An iguana (shapeshifter) (Vaults:5)
  2 gnoll boudas (D:8)
  4 iguanas
  18 orc wizards
  7 hell rats (Lair:1)
  A wolf simulacrum (Lair:3)
  3 killer bee zombies (Ossuary)
  3 howler monkey zombies (Ossuary)
  15 mummies (Ossuary)
  19 gnolls
  4 adders
  A white imp (D:7)
  A worm zombie (D:5)
  3 worms
  A dart slug (D:5)
  104 orcs
  6 ball pythons
  12 endoplasms
  5 giant cockroaches
  7 goblins
  9 hobgoblins
  5 quokkas
  8 bats
  4 frilled lizards
  9 kobolds
  3 rats
  A fire vortex (D:10)
1782 creatures vanquished.

Vanquished Creatures (others)
  A hydra (Swamp:1)
  A naga warrior (Snake:4)
  A kobold demonologist (D:11)
  A bloated husk (Swamp:1)
  2 fire vortices (D:10)
  16 foxfires
22 creatures vanquished.

Grand Total: 1804 creatures vanquished

Notes
Turn   | Place    | Note
-------+----------+-------------------------------------------
     0 | D:1      | qw the Minotaur Hexslinger began the quest for the Orb.
     0 | D:1      | Reached XP level 1. HP: 16/16 MP: 1/1
     0 | D:1      | 0 ||| qw: Version: 0.3-a-52-g30416fa
     0 | D:1      | 0 ||| qw: Game counter: 6665
     0 | D:1      | 0 ||| qw: Melee chars always use a shield: true
     0 | D:1      | 0 ||| qw: God list: Okawaru
     0 | D:1      | 0 ||| qw: Allow faded altars: false
     0 | D:1      | 0 ||| qw: Do Orc after clearing Dungeon:15 true
     0 | D:1      | 0 ||| qw: Do second Lair branch before Depths: true
     0 | D:1      | 0 ||| qw: Lair rune preference: random
     0 | D:1      | 0 ||| qw: Goals: Normal
     0 | D:1      | 0 ||| PLANNING D:1-11
   154 | D:1      | Reached skill level 3 in Ranged Weapons
   154 | D:1      | Reached XP level 2. HP: 23/23 MP: 2/2
   166 | D:1      | Found a faded altar of an unknown god.
   373 | D:1      | 373 ||| UPGRADING to +0 ring mail.
   383 | D:1      | 383 ||| DROPPING +0 robe.
   384 | D:1      | 384 ||| READING scroll labelled GAENADGH YSYEGGUC.
   385 | D:1      | 385 ||| READING scroll labelled ASU DORHUE.
   386 | D:1      | 386 ||| READING scroll labelled REUDUG YLYFUX.
   387 | D:1      | 387 ||| DRINKING 2 pink potions.
   388 | D:1      | 388 ||| DROPPING scroll of poison.
   389 | D:1      | 389 ||| DROPPING potion of magic.
   437 | D:2      | 437 ||| READING scroll of enchant weapon.
   437 | D:2      | 437 ||| ENCHANTING +2 sling.
   444 | D:2      | Reached skill level 2 in Fighting
   495 | D:2      | 495 ||| READING scroll labelled VUJEBOJETE.
   499 | D:2      | 499 ||| FLEEEEING.
   500 | D:2      | 500 ||| FLEEEEING.
   502 | D:2      | 502 ||| FLEEEEING.
   505 | D:2      | 505 ||| FLEEEEING.
   506 | D:2      | 506 ||| FLEEEEING.
   507 | D:2      | 507 ||| FLEEEEING.
   508 | D:2      | 508 ||| FLEEEEING.
   509 | D:2      | 509 ||| FLEEEEING.
   510 | D:2      | 510 ||| FLEEEEING.
   527 | D:2      | 527 ||| FLEEEEING.
   652 | D:2      | Reached XP level 3. HP: 29/29 MP: 3/3
  1093 | D:2      | 1093 ||| UPGRADING to +0 pair of gloves.
  1098 | D:2      | 1098 ||| UPGRADING to +4 ring of protection.
  1099 | D:2      | 1099 ||| READING 2 scrolls labelled IFUEJU BULYHATAM.
  1104 | D:2      | 1104 ||| READING scroll labelled GURHILOMEV.
  1105 | D:2      | 1105 ||| DRINKING 2 sedimented sapphire potions.
  1156 | D:3      | 1156 ||| STAIRDANCE
  1265 | D:3      | Reached skill level 1 in Armour
  1380 | D:3      | Found a sparkling altar of Nemelex Xobeh.
  1500 | D:3      | Found a shadowy altar of Dithmenos.
  1513 | D:3      | Found a glowing silver altar of Zin.
  1517 | D:3      | Reached XP level 4. HP: 36/36 MP: 4/4
  1517 | D:3      | Found a basalt altar of Yredelemnul.
  1517 | D:3      | Found a radiant altar of Vehumet.
  1517 | D:3      | Found a sacrificial altar of Ru.
  1517 | D:3      | Found a snail-covered altar of Cheibriados.
  1520 | D:3      | Found a white marble altar of Elyvilon.
  1761 | D:3      | 1761 ||| Stepping ~*~*~tactically~*~*~ (water).
  1832 | D:3      | 1832 ||| READING 3 scrolls labelled ZORUBAT ZIPT.
  1833 | D:3      | 1833 ||| DRINKING 2 bubbling inky potions.
  1837 | D:3      | 1837 ||| Stepping ~*~*~tactically~*~*~ (water).
  2195 | D:3      | 2195 ||| READING 2 scrolls of identify.
  2195 | D:3      | 2195 ||| IDENTIFYING viscous white potion
  2196 | D:3      | 2196 ||| DROPPING potion of berserk rage.
  2296 | D:4      | Reached skill level 3 in Fighting
  2296 | D:4      | Reached XP level 5. HP: 35/45 MP: 5/5
  2505 | D:4      | Found Xiexuam's Book Shop.
  2553 | D:4      | Noticed Menkaure
  2564 | D:4      | HP: 5/45 [Menkaure/nerve-wracking pain (9)]
  2565 | D:4      | 2565 ||| READING scroll of teleportation.
  2566 | D:4      | Killed Menkaure
  2567 | D:4      | Reached skill level 6 in Ranged Weapons
  2567 | D:4      | Reached XP level 6. HP: 6/51 MP: 6/6
  2571 | D:4      | 2571 ||| FLEEEEING.
  2572 | D:4      | 2572 ||| FLEEEEING.
  2573 | D:4      | 2573 ||| FLEEEEING.
  2574 | D:4      | 2574 ||| FLEEEEING.
  2575 | D:4      | 2575 ||| FLEEEEING.
  2576 | D:4      | 2576 ||| FLEEEEING.
  2577 | D:4      | 2577 ||| FLEEEEING.
  2578 | D:4      | 2578 ||| FLEEEEING.
  2581 | D:4      | 2581 ||| FLEEEEING.
  2582 | D:4      | 2582 ||| FLEEEEING.
  2583 | D:4      | 2583 ||| FLEEEEING.
  2584 | D:4      | 2584 ||| STAIRDANCE
  2738 | D:4      | Found a blossoming altar of Fedhas.
  2965 | D:4      | Found a hide-covered altar of Uskayaw.
  2972 | D:4      | Reached skill level 4 in Fighting
  3024 | D:5      | Entered Level 5 of the Dungeon
  3025 | D:5      | 3025 ||| PLANNING OSSUARY
  3039 | D:5      | Reached XP level 7. HP: 47/59 MP: 7/7
  3093 | D:5      | 3093 ||| SWAPPING to +0 orcbow.
  3203 | D:5      | 3203 ||| DROPPING +3 sling.
  3282 | D:5      | Found a sand-covered staircase.
  3287 | D:5      | Reached skill level 5 in Fighting
  3290 | D:5      | 3290 ||| FLEEEEING.
  3291 | D:5      | 3291 ||| FLEEEEING.
  3292 | D:5      | 3292 ||| FLEEEEING.
  3295 | D:5      | 3295 ||| FLEEEEING.
  3300 | D:5      | 3300 ||| FLEEEEING.
  3301 | D:5      | 3301 ||| FLEEEEING.
  3302 | D:5      | 3302 ||| FLEEEEING.
  3303 | D:5      | 3303 ||| FLEEEEING.
  3304 | D:5      | 3304 ||| FLEEEEING.
  3323 | D:5      | 3323 ||| DRINKING 2 fizzy white potions.
  3336 | D:5      | Found an opulent altar of Gozag.
  3347 | D:5      | Reached XP level 8. HP: 56/68 MP: 8/8
  3352 | D:5      | Reached skill level 9 in Ranged Weapons
  3359 | D:5      | 3359 ||| FLEEEEING.
  3362 | D:5      | 3362 ||| STAIRDANCE
  3418 | Ossuary  | Entered an ossuary
  3453 | Ossuary  | Reached skill level 3 in Dodging
  3583 | Ossuary  | Reached skill level 6 in Fighting
  3637 | Ossuary  | 3637 ||| FLEEEEING.
  3834 | Ossuary  | Reached skill level 7 in Fighting
  3848 | Ossuary  | 3848 ||| FLEEEEING.
  4091 | Ossuary  | 4091 ||| UPGRADING to ring of poison resistance.
  4092 | Ossuary  | 4092 ||| READING scroll labelled MOUCHU YDGHIQA.
  4093 | Ossuary  | 4093 ||| READING scroll labelled YFUUPNU RAOF.
  4094 | Ossuary  | 4094 ||| READING scroll labelled DORIEZ REOTE.
  4195 | Ossuary  | 4195 ||| READING scroll labelled BURAKKEQUL.
  4196 | Ossuary  | 4196 ||| DRINKING 3 bubbling emerald potions.
  4234 | Ossuary  | 4234 ||| DRINKING 2 fizzy inky potions.
  4235 | Ossuary  | 4235 ||| DRINKING 2 grey potions.
  4235 | Ossuary  | Gained mutation: You are agile. (Dex +4, Str/Int -1)
                  | [potion of mutation]
  4235 | Ossuary  | Gained mutation: You are partially covered in iridescent
                  | scales. (AC +2) [potion of mutation]
  4236 | Ossuary  | 4236 ||| READING 2 scrolls of identify.
  4236 | Ossuary  | 4236 ||| IDENTIFYING fuming pink potion
  4237 | Ossuary  | 4237 ||| DROPPING 2 potions of lignification.
  4238 | Ossuary  | 4238 ||| DROPPING potion of invisibility.
  4270 | D:5      | 4270 ||| PLANNING D:1-11
  4366 | D:5      | Found Raosua's Neck Hole.
  4373 | D:5      | 4373 ||| BUYING +0 cloak (49 gold).
  4373 | D:5      | Bought a +0 cloak for 49 gold pieces
  4373 | D:5      | 4373 ||| BUYING scarf of repulsion (132 gold).
  4373 | D:5      | Bought a scarf of repulsion for 132 gold pieces
  4419 | D:5      | Noticed qw's ghost (amateur MiHs)
  4442 | D:5      | Reached XP level 9. HP: 79/79 MP: 9/9
  4443 | D:5      | Found a transporter.
  4475 | D:5      | Found a transporter.
  4541 | D:5      | 4541 ||| UPGRADING to +0 cloak.
  4546 | D:5      | 4546 ||| UPGRADING to scarf of repulsion.
  4757 | D:6      | Reached skill level 3 in Armour
  5400 | D:6      | Found an ancient bone altar of Kikubaaqudgha.
  5403 | D:6      | 5403 ||| DROPPING ring of wizardry.
  5404 | D:6      | 5404 ||| READING scroll labelled TEYSCH PULIPS.
  5405 | D:6      | 5405 ||| READING 2 scrolls of identify.
  5405 | D:6      | 5405 ||| IDENTIFYING ruby potion
  5406 | D:6      | 5406 ||| DROPPING potion of brilliance.
  5637 | D:7      | 5637 ||| READING scroll of enchant weapon.
  5637 | D:7      | 5637 ||| ENCHANTING +0 orcbow.
  5688 | D:7      | Reached skill level 12 in Ranged Weapons
  5827 | D:7      | Reached skill level 8 in Fighting
  5887 | D:7      | Found a staircase to the Ecumenical Temple.
  5888 | D:7      | 5888 ||| PLANNING TEMPLE
  5888 | D:7      | 5888 ||| UPGRADING to amulet of guardian spirit.
  5900 | Temple   | Entered the Ecumenical Temple
  5901 | Temple   | 5901 ||| PLANNING OKAWARU WORSHIP
  6076 | Temple   | Became a worshipper of Warmaster Okawaru
  6077 | Temple   | 6077 ||| PLANNING D:1-11
  6077 | Temple   | 6077 ||| REMOVING amulet of guardian spirit.
  6082 | Temple   | 6082 ||| DROPPING amulet of guardian spirit.
  6265 | D:7      | 6265 ||| FLEEEEING.
  6270 | D:7      | 6270 ||| FLEEEEING.
  6271 | D:7      | 6271 ||| FLEEEEING.
  6272 | D:7      | 6272 ||| FLEEEEING.
  6273 | D:7      | 6273 ||| FLEEEEING.
  6274 | D:7      | 6274 ||| FLEEEEING.
  6275 | D:7      | 6275 ||| FLEEEEING.
  6276 | D:7      | 6276 ||| FLEEEEING.
  6277 | D:7      | 6277 ||| FLEEEEING.
  6278 | D:7      | 6278 ||| FLEEEEING.
  6279 | D:7      | 6279 ||| FLEEEEING.
  6280 | D:7      | 6280 ||| FLEEEEING.
  6281 | D:7      | 6281 ||| FLEEEEING.
  6282 | D:7      | 6282 ||| FLEEEEING.
  6283 | D:7      | 6283 ||| FLEEEEING.
  6284 | D:7      | 6284 ||| FLEEEEING.
  6677 | D:8      | Noticed a komodo dragon
  6688 | D:8      | Killed a komodo dragon
  6688 | D:8      | Reached * piety under Okawaru
  6689 | D:8      | Reached XP level 10. HP: 30/88 MP: 10/10
  6689 | D:8      | 6689 ||| INVOKING Heroism.
  6698 | D:8      | Reached skill level 1 in Invocations
  6702 | D:8      | 6702 ||| INVOKING Heroism.
  6904 | D:8      | Found a shimmering altar of Xom.
  6904 | D:8      | Found a shimmering altar of Xom.
  6906 | D:8      | Found a shimmering altar of Xom.
  6907 | D:8      | Found a shimmering altar of Xom.
  6993 | D:8      | 6993 ||| Stepping ~*~*~tactically~*~*~ (outnumbered).
  6994 | D:8      | 6994 ||| Stepping ~*~*~tactically~*~*~ (outnumbered).
  6998 | D:8      | 6998 ||| Stepping ~*~*~tactically~*~*~ (outnumbered).
  7005 | D:8      | 7005 ||| Stepping ~*~*~tactically~*~*~ (outnumbered).
  7205 | D:8      | Reached skill level 6 in Dodging
  7442 | D:8      | Found a shimmering altar of Xom.
  7465 | D:8      | a jumping spider changed into an entropy weaver
  7465 | D:8      | Noticed an entropy weaver (shapeshifter)
  7496 | D:8      | 7496 ||| Stepping ~*~*~tactically~*~*~ (outnumbered).
  7607 | D:8      | 7607 ||| INVOKING Heroism.
  7612 | D:8      | 7612 ||| Stepping ~*~*~tactically~*~*~ (outnumbered).
  7730 | D:8      | Noticed a shock serpent
  7911 | D:8      | 7911 ||| UPGRADING to amulet of faith.
  7916 | D:8      | 7916 ||| READING scroll labelled XIEHAI PANAD.
  8014 | D:9      | Reached skill level 9 in Fighting
  8265 | D:9      | Found a hazy altar of Hepliaklqana.
  8308 | D:9      | Noticed Gastronok
  8309 | D:9      | 8309 ||| INVOKING Heroism.
  8331 | D:9      | 8331 ||| INVOKING Heroism.
  8333 | D:9      | Killed Gastronok
  8333 | D:9      | Reached ** piety under Okawaru
  8515 | D:9      | 8515 ||| INVOKING Heroism.
  8541 | D:9      | Reached *** piety under Okawaru
  8704 | D:9      | Found a stormy altar of Qazlal.
  8851 | D:9      | Noticed Maurice
  8855 | D:9      | 8855 ||| Stepping ~*~*~tactically~*~*~ (outnumbered).
  8869 | D:9      | Killed Maurice
  8870 | D:9      | Reached XP level 11. HP: 97/97 MP: 13/13
  9237 | D:10     | Entered Level 10 of the Dungeon
  9239 | D:10     | 9239 ||| STAIRDANCE
  9243 | D:9      | 9243 ||| INVOKING Heroism.
  9247 | D:9      | HP: 22/97 [yak (9)]
  9248 | D:9      | 9248 ||| READING scroll of teleportation.
  9508 | D:10     | 9508 ||| INVOKING Heroism.
  9517 | D:10     | 9517 ||| STAIRDANCE
  9731 | D:10     | 9731 ||| INVOKING Heroism.
  9746 | D:10     | Reached skill level 10 in Fighting
  9787 | D:10     | Found a staircase to the Orcish Mines.
  9796 | D:10     | Found Plog's Assorted Antiques.
  9801 | D:10     | 9801 ||| BUYING potion of curing (72 gold).
  9801 | D:10     | Bought a potion of curing for 72 gold pieces
  9801 | D:10     | 9801 ||| BUYING scroll labelled VOAMUE EKLIHA (24 gold).
  9801 | D:10     | Bought a scroll labelled VOAMUE EKLIHA for 24 gold pieces
  9801 | D:10     | 9801 ||| BUYING scroll of identify (48 gold).
  9801 | D:10     | Bought a scroll of identify for 48 gold pieces
  9854 | D:10     | Noticed a two-headed ogre
  9855 | D:10     | 9855 ||| INVOKING Heroism.
  9862 | D:10     | Killed a two-headed ogre
 10061 | D:10     | Noticed a two-headed ogre
 10062 | D:10     | 10062 ||| INVOKING Heroism.
 10072 | D:10     | Killed a two-headed ogre
 10289 | D:10     | 10289 ||| Stepping ~*~*~tactically~*~*~ (outnumbered).
 10291 | D:10     | 10291 ||| Stepping ~*~*~tactically~*~*~ (outnumbered).
 10370 | D:10     | Noticed Urug
 10371 | D:10     | 10371 ||| INVOKING Heroism.
 10376 | D:10     | Killed Urug
 10426 | D:10     | Found a broken altar of Ashenzari.
 10436 | D:10     | Reached **** piety under Okawaru
 10450 | D:10     | 10450 ||| INVOKING Heroism.
 10702 | D:10     | 10702 ||| FLEEEEING.
 10711 | D:10     | 10711 ||| FLEEEEING.
 10840 | D:10     | Noticed Harold
 10841 | D:10     | 10841 ||| INVOKING Heroism.
 10853 | D:10     | Killed Harold
 10854 | D:10     | Reached skill level 15 in Ranged Weapons
 11574 | D:10     | Reached skill level 6 in Invocations
 11584 | D:10     | Identified the ring of Dithmenos's Grace {Ice rN+ MP+9}
 11586 | D:10     | 11586 ||| READING 2 scrolls labelled VOAMUE EKLIHA.
 11587 | D:10     | 11587 ||| READING scroll of enchant armour.
 11587 | D:10     | 11587 ||| ENCHANTING +0 pair of gloves.
 11588 | D:10     | 11588 ||| READING 4 scrolls of identify.
 11588 | D:10     | 11588 ||| IDENTIFYING puce potion
 11589 | D:10     | 11589 ||| DROPPING potion of degeneration.
 11646 | D:11     | 11646 ||| INVOKING Heroism.
 11661 | D:11     | 11661 ||| STAIRDANCE
 11668 | D:10     | HP: 22/99 [komodo dragon (5)]
 11669 | D:10     | 11669 ||| READING scroll of teleportation.
 11919 | D:11     | Identified the ring of Dahouh {rElec rF+ Dex-2 SInv}
 11930 | D:11     | 11930 ||| INVOKING Heroism.
 12135 | D:11     | 12135 ||| INVOKING Heroism.
 12267 | D:11     | Reached XP level 12. HP: 106/106 MP: 16/16
 12288 | D:11     | Reached ***** piety under Okawaru
 12291 | D:11     | 12291 ||| INVOKING Heroism.
 12463 | D:11     | 12463 ||| READING scroll of enchant armour.
 12463 | D:11     | 12463 ||| ENCHANTING +1 pair of gloves.
 12466 | D:11     | 12466 ||| Stepping ~*~*~tactically~*~*~ (outnumbered).
 12522 | D:11     | 12522 ||| FLEEEEING.
 12523 | D:11     | 12523 ||| FLEEEEING.
 12524 | D:11     | 12524 ||| FLEEEEING.
 12525 | D:11     | 12525 ||| FLEEEEING.
 12654 | D:11     | Found a staircase to the Lair.
 12687 | D:11     | 12687 ||| Stepping ~*~*~tactically~*~*~ (outnumbered).
 12692 | D:11     | 12692 ||| Stepping ~*~*~tactically~*~*~ (outnumbered).
 12762 | D:11     | 12762 ||| Stepping ~*~*~tactically~*~*~ (outnumbered).
 13014 | D:11     | 13014 ||| Stepping ~*~*~tactically~*~*~ (outnumbered).
 13051 | D:11     | 13051 ||| PLANNING LAIR
 13051 | D:11     | 13051 ||| DROPPING +0 leather armour of poison resistance.
 13052 | D:11     | 13052 ||| UPGRADING to +0 troll leather armour.
 13062 | D:11     | 13062 ||| DROPPING +0 ring mail.
 13063 | D:11     | 13063 ||| UPGRADING to ring of Dahouh {rElec rF+ Dex-2
                  | SInv}.
 13065 | D:11     | 13065 ||| READING scroll labelled JITUIS UROVVE.
 13066 | D:11     | 13066 ||| READING 4 scrolls of identify.
 13066 | D:11     | 13066 ||| IDENTIFYING metallic clear potion
 13067 | D:11     | 13067 ||| READING 3 scrolls of identify.
 13067 | D:11     | 13067 ||| IDENTIFYING bubbling pink potion
 13112 | Lair:1   | Entered Level 1 of the Lair of Beasts
 13113 | Lair:1   | 13113 ||| INVOKING Heroism.
 13148 | Lair:1   | 13148 ||| Stepping ~*~*~tactically~*~*~ (water).
 13161 | Lair:1   | 13161 ||| INVOKING Heroism.
 13226 | Lair:1   | 13226 ||| Stepping ~*~*~tactically~*~*~ (water).
 13227 | Lair:1   | 13227 ||| INVOKING Heroism.
 13231 | Lair:1   | Received a gift from Okawaru
 13235 | Lair:1   | Reached skill level 9 in Invocations
 13272 | Lair:1   | 13272 ||| SWAPPING to +1 heavy hand crossbow.
 13273 | Lair:1   | 13273 ||| DROPPING +1 orcbow.
 13320 | Lair:1   | 13320 ||| INVOKING Heroism.
 13329 | Lair:1   | Noticed Maggie
 13332 | Lair:1   | Reached skill level 11 in Fighting
 13347 | Lair:1   | Killed Maggie
 13491 | Lair:1   | 13491 ||| INVOKING Heroism.
 13655 | Lair:1   | Noticed a catoblepas
 13656 | Lair:1   | 13656 ||| INVOKING Heroism.
 13657 | Lair:1   | 13657 ||| Stepping ~*~*~tactically~*~*~ (cloud).
 13662 | Lair:1   | 13662 ||| INVOKING Finesse.
 13666 | Lair:1   | Killed a catoblepas
 14071 | Lair:1   | 14071 ||| READING 3 scrolls of identify.
 14071 | Lair:1   | 14071 ||| IDENTIFYING orange potion
 14072 | Lair:1   | 14072 ||| DROPPING potion of attraction.
 14077 | Lair:2   | 14077 ||| INVOKING Heroism.
 14085 | Lair:2   | Reached skill level 9 in Dodging
 14232 | Lair:2   | Noticed a boulder beetle
 14233 | Lair:2   | 14233 ||| INVOKING Heroism.
 14234 | Lair:2   | 14234 ||| INVOKING Finesse.
 14237 | Lair:2   | Killed a boulder beetle
 14238 | Lair:2   | Reached XP level 13. HP: 116/116 MP: 11/19
 14496 | Lair:2   | Identified the -1 cloak of Daisies {Harm rC+ rCorr}
                  | (Okawaru gifted it to you on level 2 of the Lair of Beasts)
 14496 | Lair:2   | Received a gift from Okawaru
 14613 | Lair:2   | Found a staircase to the Swamp.
 14660 | Lair:2   | 14660 ||| INVOKING Heroism.
 15047 | Lair:2   | 15047 ||| READING 2 scrolls of identify.
 15047 | Lair:2   | 15047 ||| IDENTIFYING white potion
 15048 | Lair:2   | 15048 ||| DROPPING potion of ambrosia.
 15079 | Lair:3   | Noticed qw's ghost (journeyman GrHs)
 15079 | Lair:3   | Found a runed translucent gate.
 15079 | Lair:3   | Found a runed translucent gate.
 15083 | Lair:3   | Found a runed translucent gate.
 15140 | Lair:3   | Found a staircase to the Snake Pit.
 15386 | Lair:3   | Noticed Josephine
 15392 | Lair:3   | 15392 ||| INVOKING Heroism.
 15393 | Lair:3   | HP: 22/116 [Josephine/+5 dagger of flaming (9)]
 15394 | Lair:3   | 15394 ||| READING scroll of teleportation.
 15449 | Lair:3   | Reached skill level 18 in Ranged Weapons
 15496 | Lair:3   | 15496 ||| FLEEEEING.
 15497 | Lair:3   | 15497 ||| FLEEEEING.
 15498 | Lair:3   | 15498 ||| FLEEEEING.
 15499 | Lair:3   | 15499 ||| FLEEEEING.
 15500 | Lair:3   | 15500 ||| FLEEEEING.
 15501 | Lair:3   | 15501 ||| FLEEEEING.
 15502 | Lair:3   | 15502 ||| FLEEEEING.
 15503 | Lair:3   | 15503 ||| FLEEEEING.
 15508 | Lair:3   | 15508 ||| INVOKING Heroism.
 15510 | Lair:3   | Killed Josephine
 15582 | Lair:3   | 15582 ||| INVOKING Heroism.
 16009 | Lair:4   | 16009 ||| INVOKING Heroism.
 16010 | Lair:4   | 16010 ||| INVOKING Finesse.
 16017 | Lair:4   | Reached skill level 12 in Fighting
 16046 | Lair:4   | 16046 ||| INVOKING Heroism.
 16258 | Lair:4   | Reached skill level 13 in Fighting
 16893 | Lair:5   | Entered Level 5 of the Lair of Beasts
 16899 | Lair:5   | 16899 ||| INVOKING Heroism.
 16912 | Lair:5   | 16912 ||| DRINKING potion of cancellation.
 16951 | Lair:5   | Identified the +0 leather armour of Beogh's Wrath {rF+
                  | Will+ Str+3}
 16996 | Lair:5   | 16996 ||| INVOKING Heroism.
 17041 | Lair:5   | Identified the +5 quarterstaff of Dory {heavy, rElec Str+3
                  | Int+6} (Okawaru gifted it to you on level 5 of the Lair of
                  | Beasts)
 17041 | Lair:5   | Received a gift from Okawaru
 17074 | Lair:5   | Found a staircase to the Slime Pits.
 17138 | Lair:5   | 17138 ||| INVOKING Heroism.
 17142 | Lair:5   | Reached XP level 14. HP: 129/129 MP: 17/20
 17294 | Lair:5   | Reached skill level 14 in Fighting
 17294 | Lair:5   | 17294 ||| FLEEEEING.
 17387 | Lair:5   | 17387 ||| FLEEEEING.
 17389 | Lair:5   | 17389 ||| FLEEEEING.
 17445 | Lair:5   | Identified the +0 cloak "Laterest" {Rampage Str-3 Slay+5
                  | Stlth+} (Okawaru gifted it to you on level 5 of the Lair of
                  | Beasts)
 17445 | Lair:5   | Received a gift from Okawaru
 17452 | Lair:5   | 17452 ||| FLEEEEING.
 17453 | Lair:5   | 17453 ||| FLEEEEING.
 17454 | Lair:5   | 17454 ||| FLEEEEING.
 17456 | Lair:5   | 17456 ||| FLEEEEING.
 17457 | Lair:5   | 17457 ||| FLEEEEING.
 17458 | Lair:5   | 17458 ||| FLEEEEING.
 17459 | Lair:5   | 17459 ||| FLEEEEING.
 17460 | Lair:5   | 17460 ||| FLEEEEING.
 17461 | Lair:5   | 17461 ||| FLEEEEING.
 17463 | Lair:5   | 17463 ||| FLEEEEING.
 17464 | Lair:5   | 17464 ||| FLEEEEING.
 17465 | Lair:5   | 17465 ||| FLEEEEING.
 17466 | Lair:5   | 17466 ||| FLEEEEING.
 17467 | Lair:5   | 17467 ||| FLEEEEING.
 17468 | Lair:5   | 17468 ||| FLEEEEING.
 17469 | Lair:5   | 17469 ||| FLEEEEING.
 17470 | Lair:5   | 17470 ||| FLEEEEING.
 17471 | Lair:5   | 17471 ||| FLEEEEING.
 17472 | Lair:5   | 17472 ||| FLEEEEING.
 17473 | Lair:5   | 17473 ||| FLEEEEING.
 17474 | Lair:5   | 17474 ||| FLEEEEING.
 17475 | Lair:5   | 17475 ||| FLEEEEING.
 17476 | Lair:5   | 17476 ||| FLEEEEING.
 17477 | Lair:5   | 17477 ||| FLEEEEING.
 17478 | Lair:5   | 17478 ||| FLEEEEING.
 17479 | Lair:5   | 17479 ||| FLEEEEING.
 17480 | Lair:5   | 17480 ||| FLEEEEING.
 17481 | Lair:5   | 17481 ||| FLEEEEING.
 17482 | Lair:5   | 17482 ||| FLEEEEING.
 17483 | Lair:5   | 17483 ||| FLEEEEING.
 17484 | Lair:5   | 17484 ||| FLEEEEING.
 17485 | Lair:5   | 17485 ||| FLEEEEING.
 17486 | Lair:5   | 17486 ||| FLEEEEING.
 17487 | Lair:5   | 17487 ||| FLEEEEING.
 17488 | Lair:5   | 17488 ||| FLEEEEING.
 17489 | Lair:5   | 17489 ||| FLEEEEING.
 17490 | Lair:5   | 17490 ||| FLEEEEING.
 17491 | Lair:5   | 17491 ||| FLEEEEING.
 17492 | Lair:5   | 17492 ||| FLEEEEING.
 17493 | Lair:5   | 17493 ||| FLEEEEING.
 17495 | Lair:5   | 17495 ||| FLEEEEING.
 17496 | Lair:5   | 17496 ||| FLEEEEING.
 17497 | Lair:5   | 17497 ||| FLEEEEING.
 17498 | Lair:5   | 17498 ||| FLEEEEING.
 17499 | Lair:5   | 17499 ||| FLEEEEING.
 17500 | Lair:5   | 17500 ||| FLEEEEING.
 17501 | Lair:5   | 17501 ||| FLEEEEING.
 17502 | Lair:5   | 17502 ||| FLEEEEING.
 17503 | Lair:5   | 17503 ||| FLEEEEING.
 17504 | Lair:5   | 17504 ||| FLEEEEING.
 17505 | Lair:5   | 17505 ||| FLEEEEING.
 17506 | Lair:5   | 17506 ||| FLEEEEING.
 17507 | Lair:5   | 17507 ||| FLEEEEING.
 17508 | Lair:5   | 17508 ||| FLEEEEING.
 17509 | Lair:5   | 17509 ||| FLEEEEING.
 17510 | Lair:5   | 17510 ||| FLEEEEING.
 17511 | Lair:5   | 17511 ||| FLEEEEING.
 17517 | Lair:5   | 17517 ||| INVOKING Heroism.
 17686 | Lair:5   | 17686 ||| INVOKING Heroism.
 17812 | Lair:5   | 17812 ||| INVOKING Heroism.
 17813 | Lair:5   | 17813 ||| INVOKING Finesse.
 17817 | Lair:5   | Reached skill level 15 in Fighting
 18235 | Lair:5   | Found a corrupted altar of Lugonu.
 18235 | Lair:5   | Found a one-way gate to the infinite horrors of the Abyss.
 18256 | Lair:5   | Identified the +5 rapier of Extermination {pain, Str+3
                  | Int-5 Dex+4}
 18258 | Lair:5   | Identified the +1 leather armour of Nutrawn {rC+ Regen+
                  | Dex+2}
 18260 | Lair:5   | 18260 ||| PLANNING D
 18260 | Lair:5   | 18260 ||| DROPPING +0 cloak.
 18261 | Lair:5   | 18261 ||| UPGRADING to +0 cloak "Laterest" {Rampage Str-3
                  | Slay+5 Stlth+}.
 18271 | Lair:5   | 18271 ||| DROPPING scarf of repulsion.
 18272 | Lair:5   | 18272 ||| DROPPING -1 cloak of Daisies {Harm rC+ rCorr}.
 18273 | Lair:5   | 18273 ||| UPGRADING to +1 leather armour of Nutrawn {rC+
                  | Regen+ Dex+2}.
 18283 | Lair:5   | 18283 ||| DROPPING +0 troll leather armour.
 18284 | Lair:5   | 18284 ||| DROPPING ring of resist corrosion.
 18507 | D:12     | 18507 ||| INVOKING Heroism.
 18587 | D:12     | 18587 ||| FLEEEEING.
 18588 | D:12     | 18588 ||| FLEEEEING.
 18603 | D:12     | Found a blossoming altar of Fedhas.
 18659 | D:12     | Reached skill level 12 in Dodging
 18665 | D:12     | 18665 ||| INVOKING Heroism.
 18668 | D:12     | Noticed Lodul
 18672 | D:12     | Killed Lodul
 18673 | D:12     | Reached skill level 6 in Armour
 18773 | D:12     | Identified the +2 leather armour "Saucissa" {Will+}
 18914 | D:12     | Noticed Nergalle
 18919 | D:12     | Killed Nergalle
 18919 | D:12     | Received a gift from Okawaru
 18967 | D:12     | 18967 ||| INVOKING Heroism.
 18968 | D:12     | 18968 ||| INVOKING Finesse.
 19261 | D:12     | 19261 ||| DROPPING +2 leather armour "Saucissa" {Will+}.
 19262 | D:12     | 19262 ||| UPGRADING to +2 hat.
 19325 | D:13     | Identified the +9 longbow of Destiny {speed, Will+++ Int-3
                  | Dex+4 SInv} (Okawaru gifted it to you on level 13 of the
                  | Dungeon)
 19325 | D:13     | Received a gift from Okawaru
 19326 | D:13     | Reached skill level 16 in Fighting
 19341 | D:13     | 19341 ||| SWAPPING to +9 longbow of Destiny {speed, Will+++
                  | Int-3 Dex+4 SInv}.
 19342 | D:13     | 19342 ||| DROPPING +1 heavy hand crossbow.
 19433 | D:13     | Reached XP level 15. HP: 141/144 MP: 21/21
 19549 | D:13     | 19549 ||| FLEEEEING.
 19550 | D:13     | 19550 ||| FLEEEEING.
 19551 | D:13     | 19551 ||| FLEEEEING.
 19552 | D:13     | 19552 ||| FLEEEEING.
 19553 | D:13     | 19553 ||| FLEEEEING.
 19554 | D:13     | 19554 ||| FLEEEEING.
 19556 | D:13     | 19556 ||| FLEEEEING.
 19557 | D:13     | 19557 ||| FLEEEEING.
 19558 | D:13     | 19558 ||| FLEEEEING.
 19559 | D:13     | 19559 ||| FLEEEEING.
 19560 | D:13     | 19560 ||| FLEEEEING.
 19561 | D:13     | 19561 ||| FLEEEEING.
 19562 | D:13     | 19562 ||| FLEEEEING.
 19563 | D:13     | 19563 ||| FLEEEEING.
 19564 | D:13     | 19564 ||| FLEEEEING.
 19565 | D:13     | 19565 ||| FLEEEEING.
 19566 | D:13     | 19566 ||| FLEEEEING.
 19603 | D:13     | Found a gate to the Vaults.
 19880 | D:13     | 19880 ||| UPGRADING to +4 ring of protection.
 19908 | D:14     | Noticed Roxanne
 19909 | D:14     | 19909 ||| INVOKING Heroism.
 19910 | D:14     | 19910 ||| INVOKING Finesse.
 19918 | D:14     | Killed Roxanne
 20066 | D:14     | Noticed Kirke
 20067 | D:14     | 20067 ||| INVOKING Heroism.
 20068 | D:14     | 20068 ||| INVOKING Finesse.
 20076 | D:14     | Killed Kirke
 20697 | D:14     | Received a gift from Okawaru
 20839 | D:15     | Entered Level 15 of the Dungeon
 20868 | D:15     | Found an iron altar of Okawaru.
 20896 | D:15     | 20896 ||| INVOKING Heroism.
 20904 | D:15     | 20904 ||| INVOKING Finesse.
 20957 | D:15     | Found a staircase to the Depths.
 21042 | D:15     | 21042 ||| INVOKING Heroism.
 21129 | D:15     | 21129 ||| INVOKING Heroism.
 21240 | D:15     | Received a gift from Okawaru
 21240 | D:15     | Found the +6 arbalest "Damnation" {damnation}
 21246 | D:15     | 21246 ||| INVOKING Heroism.
 21427 | D:15     | Reached skill level 15 in Dodging
 21427 | D:15     | Reached ****** piety under Okawaru
 21711 | D:15     | 21711 ||| PLANNING ORC
 21711 | D:15     | 21711 ||| DRINKING 2 bubbling puce potions.
 21810 | Orc:1    | Entered Level 1 of the Orcish Mines
 21862 | Orc:1    | 21862 ||| INVOKING Heroism.
 21866 | Orc:1    | Identified the +2 hat "Doqokir" {+Blink rPois rC- Slay+4}
                  | (Okawaru gifted it to you on level 1 of the Orcish Mines)
 21866 | Orc:1    | Received a gift from Okawaru
 21894 | Orc:1    | Reached XP level 16. HP: 150/151 MP: 22/22
 21927 | Orc:1    | Found Xaovaf's Jewellery Emporium.
 21938 | Orc:1    | 21938 ||| BUYING amulet "Alimis" {Spirit rCorr} (511 gold).
 21938 | Orc:1    | Bought the amulet "Alimis" {Spirit rCorr} for 511 gold
                  | pieces
 21938 | Orc:1    | 21938 ||| BUYING amulet of reflection (360 gold).
 21938 | Orc:1    | Bought an amulet of reflection for 360 gold pieces
 21938 | Orc:1    | 21938 ||| BUYING ring of Veim {Fly rPois rF+ Int+4} (529
                  | gold).
 21938 | Orc:1    | Bought the ring of Veim {Fly rPois rF+ Int+4} for 529 gold
                  | pieces
 21972 | Orc:1    | 21972 ||| INVOKING Heroism.
 22023 | Orc:1    | 22023 ||| Stepping ~*~*~tactically~*~*~ (outnumbered).
 22033 | Orc:1    | 22033 ||| INVOKING Heroism.
 22035 | Orc:1    | 22035 ||| INVOKING Finesse.
 22354 | Orc:1    | 22354 ||| UPGRADING to +2 hat "Doqokir" {+Blink rPois rC-
                  | Slay+4}.
 22364 | Orc:1    | 22364 ||| REMOVING ring of poison resistance.
 22365 | Orc:1    | 22365 ||| DROPPING +2 hat.
 22366 | Orc:1    | 22366 ||| DROPPING amulet "Alimis" {Spirit rCorr}.
 22367 | Orc:1    | 22367 ||| UPGRADING to +6 ring of strength.
 22368 | Orc:1    | 22368 ||| DROPPING ring of fire.
 22369 | Orc:1    | 22369 ||| UPGRADING to ring of protection from cold.
 22385 | Orc:2    | Entered Level 2 of the Orcish Mines
 22385 | Orc:2    | Found a staircase to the Elven Halls.
 22411 | Orc:2    | 22411 ||| INVOKING Heroism.
 22540 | Orc:2    | 22540 ||| Stepping ~*~*~tactically~*~*~ (outnumbered).
 22541 | Orc:2    | 22541 ||| Stepping ~*~*~tactically~*~*~ (outnumbered).
 22549 | Orc:2    | 22549 ||| INVOKING Heroism.
 22581 | Orc:2    | 22581 ||| Stepping ~*~*~tactically~*~*~ (outnumbered).
 22588 | Orc:2    | 22588 ||| Stepping ~*~*~tactically~*~*~ (outnumbered).
 22635 | Orc:2    | Found Ydeezoim's Armour Emporium.
 22635 | Orc:2    | Found Jyutusa's Antique Weapon Boutique.
 22636 | Orc:2    | 22636 ||| INVOKING Heroism.
 22740 | Orc:2    | 22740 ||| INVOKING Heroism.
 22802 | Orc:2    | Reached skill level 17 in Fighting
 22923 | Orc:2    | 22923 ||| INVOKING Heroism.
 23067 | Orc:2    | Found Hocuir's Distillery.
 23068 | Orc:2    | 23068 ||| Stepping ~*~*~tactically~*~*~ (outnumbered).
 23069 | Orc:2    | 23069 ||| Stepping ~*~*~tactically~*~*~ (outnumbered).
 23073 | Orc:2    | 23073 ||| Stepping ~*~*~tactically~*~*~ (outnumbered).
 23074 | Orc:2    | 23074 ||| Stepping ~*~*~tactically~*~*~ (outnumbered).
 23077 | Orc:2    | 23077 ||| Stepping ~*~*~tactically~*~*~ (outnumbered).
 23078 | Orc:2    | 23078 ||| INVOKING Heroism.
 23103 | Orc:2    | 23103 ||| BUYING 2 potions of enlightenment (100 gold).
 23103 | Orc:2    | Bought 2 potions of enlightenment for 100 gold pieces
 23103 | Orc:2    | 23103 ||| BUYING 2 potions of heal wounds (100 gold).
 23103 | Orc:2    | Bought 2 potions of heal wounds for 100 gold pieces
 23103 | Orc:2    | 23103 ||| BUYING potion of curing (30 gold).
 23103 | Orc:2    | Bought a potion of curing for 30 gold pieces
 23103 | Orc:2    | 23103 ||| BUYING potion of curing (30 gold).
 23103 | Orc:2    | Bought a potion of curing for 30 gold pieces
 23103 | Orc:2    | 23103 ||| BUYING potion of enlightenment (50 gold).
 23103 | Orc:2    | Bought a potion of enlightenment for 50 gold pieces
 23103 | Orc:2    | 23103 ||| BUYING potion of enlightenment (50 gold).
 23103 | Orc:2    | Bought a potion of enlightenment for 50 gold pieces
 23103 | Orc:2    | 23103 ||| BUYING potion of heal wounds (50 gold).
 23103 | Orc:2    | Bought a potion of heal wounds for 50 gold pieces
 23103 | Orc:2    | 23103 ||| BUYING potion of magic (80 gold).
 23103 | Orc:2    | Bought a potion of magic for 80 gold pieces
 23103 | Orc:2    | 23103 ||| SHOPLISTING potion of resistance (100 gold, have
                  | 89).
 23108 | Orc:2    | Found Plog's Armour Emporium.
 23109 | Orc:2    | 23109 ||| Stepping ~*~*~tactically~*~*~ (outnumbered).
 23110 | Orc:2    | 23110 ||| Stepping ~*~*~tactically~*~*~ (outnumbered).
 23112 | Orc:2    | 23112 ||| Stepping ~*~*~tactically~*~*~ (outnumbered).
 23114 | Orc:2    | 23114 ||| Stepping ~*~*~tactically~*~*~ (outnumbered).
 23116 | Orc:2    | 23116 ||| Stepping ~*~*~tactically~*~*~ (outnumbered).
 23118 | Orc:2    | 23118 ||| Stepping ~*~*~tactically~*~*~ (outnumbered).
 23120 | Orc:2    | 23120 ||| Stepping ~*~*~tactically~*~*~ (outnumbered).
 23122 | Orc:2    | 23122 ||| Stepping ~*~*~tactically~*~*~ (outnumbered).
 23124 | Orc:2    | 23124 ||| Stepping ~*~*~tactically~*~*~ (outnumbered).
 23126 | Orc:2    | 23126 ||| Stepping ~*~*~tactically~*~*~ (outnumbered).
 23128 | Orc:2    | 23128 ||| Stepping ~*~*~tactically~*~*~ (outnumbered).
 23130 | Orc:2    | 23130 ||| Stepping ~*~*~tactically~*~*~ (outnumbered).
 23132 | Orc:2    | 23132 ||| Stepping ~*~*~tactically~*~*~ (outnumbered).
 23137 | Orc:2    | 23137 ||| Stepping ~*~*~tactically~*~*~ (outnumbered).
 23138 | Orc:2    | 23138 ||| INVOKING Heroism.
 23140 | Orc:2    | 23140 ||| Stepping ~*~*~tactically~*~*~ (outnumbered).
 23243 | Orc:2    | 23243 ||| PLANNING SNAKE:1-3
 23385 | Snake:1  | Entered Level 1 of the Snake Pit
 23483 | Snake:1  | 23483 ||| Stepping ~*~*~tactically~*~*~ (outnumbered).
 23492 | Snake:1  | 23492 ||| Stepping ~*~*~tactically~*~*~ (outnumbered).
 23504 | Snake:1  | 23504 ||| Stepping ~*~*~tactically~*~*~ (outnumbered).
 23509 | Snake:1  | 23509 ||| Stepping ~*~*~tactically~*~*~ (outnumbered).
 23529 | Snake:1  | Found a large runed translucent door.
 23529 | Snake:1  | Found a large runed translucent door.
 23531 | Snake:1  | Found Worcher's Armour Emporium.
 23531 | Snake:1  | Found Qivaomp's Magic Scroll Shoppe.
 23532 | Snake:1  | Found Dabbudu's General Store.
 23534 | Snake:1  | Found Bahubroh's Antique Armour Shoppe.
 23541 | Snake:1  | 23541 ||| SHOPLISTING scroll of acquirement (832 gold, have
                  | 129).
 23541 | Snake:1  | 23541 ||| BUYING scroll of identify (32 gold).
 23541 | Snake:1  | Bought a scroll of identify for 32 gold pieces
 23552 | Snake:1  | 23552 ||| SHOPLISTING potion of resistance (130 gold, have
                  | 97).
 23601 | Snake:1  | Identified the +2 scale mail "Epauwnuh" {Rampage rC- rN++
                  | Will+} (Okawaru gifted it to you on level 1 of the Snake
                  | Pit)
 23601 | Snake:1  | Received a gift from Okawaru
 23626 | Snake:1  | 23626 ||| INVOKING Heroism.
 23649 | Snake:1  | Identified the +9 falchion "Ebbop" {spect, Int+3}
 23693 | Snake:1  | 23693 ||| Stepping ~*~*~tactically~*~*~ (outnumbered).
 23698 | Snake:1  | 23698 ||| INVOKING Heroism.
 23727 | Snake:1  | 23727 ||| Stepping ~*~*~tactically~*~*~ (water).
 23785 | Snake:1  | 23785 ||| INVOKING Heroism.
 24039 | Snake:1  | Noticed Razfen's ghost (adept GnWn)
 24210 | Snake:1  | 24210 ||| INVOKING Heroism.
 24436 | Snake:2  | 24436 ||| INVOKING Heroism.
 24661 | Snake:2  | 24661 ||| INVOKING Heroism.
 24704 | Snake:2  | Reached skill level 18 in Fighting
 25112 | Snake:3  | 25112 ||| INVOKING Heroism.
 25127 | Snake:3  | 25127 ||| Stepping ~*~*~tactically~*~*~ (outnumbered).
 25284 | Snake:3  | Identified the +0 ring mail of the Equinox {Regen+}
                  | (Okawaru gifted it to you on level 3 of the Snake Pit)
 25284 | Snake:3  | Received a gift from Okawaru
 25336 | Snake:3  | 25336 ||| INVOKING Heroism.
 25340 | Snake:3  | Reached skill level 18 in Dodging
 25401 | Snake:3  | 25401 ||| INVOKING Heroism.
 25420 | Snake:3  | Reached XP level 17. HP: 148/166 MP: 23/23
 25488 | Snake:3  | 25488 ||| INVOKING Heroism.
 25510 | Snake:3  | 25510 ||| Stepping ~*~*~tactically~*~*~ (outnumbered).
 25512 | Snake:3  | 25512 ||| Stepping ~*~*~tactically~*~*~ (outnumbered).
 25583 | Snake:3  | Reached skill level 19 in Fighting
 25586 | Snake:3  | Noticed qw's ghost (adept GrHs)
 25614 | Snake:3  | Found a runed translucent door.
 25634 | Snake:3  | Identified the +5 spear of Ignis's Displeasure {heavy,
                  | *Slow rPois rC- Dex+7}
 25888 | Snake:3  | 25888 ||| PLANNING SWAMP:1-3
 25888 | Snake:3  | 25888 ||| DROPPING +0 ring mail of the Equinox {Regen+}.
 25963 | Swamp:1  | Entered Level 1 of the Swamp
 25964 | Swamp:1  | 25964 ||| INVOKING Heroism.
 25965 | Swamp:1  | Noticed Aizul
 25967 | Swamp:1  | 25967 ||| Stepping ~*~*~tactically~*~*~ (water).
 25977 | Swamp:1  | HP: 31/168 [swamp worm/harpoon shot (18)]
 25978 | Swamp:1  | 25978 ||| READING 4 scrolls of teleportation.
 25979 | Swamp:1  | 25979 ||| DRINKING 5 potions of heal wounds.
 25980 | Swamp:1  | 25980 ||| Stepping ~*~*~tactically~*~*~ (water).
 25981 | Swamp:1  | Noticed Jorgrun
 25982 | Swamp:1  | 25982 ||| Stepping ~*~*~tactically~*~*~ (water).
 25986 | Swamp:1  | HP: 37/168 [four-headed hydra (10)]
 25987 | Swamp:1  | 25987 ||| READING 3 scrolls of teleportation.
 25987 | Swamp:1  | HP: 14/168 [spore (24)]
 25987 | Swamp:1  | HP: 3/168 [four-headed hydra (6)]
 25988 | Swamp:1  | 25988 ||| DRINKING 4 potions of heal wounds.
 25989 | Swamp:1  | 25989 ||| DRINKING 3 potions of heal wounds.
 25989 | Swamp:1  | Noticed Louise
 25993 | Swamp:1  | Killed Louise
 26004 | Swamp:1  | 26004 ||| INVOKING Heroism.
 26164 | Swamp:1  | Killed Jorgrun
 26170 | Swamp:1  | 26170 ||| INVOKING Heroism.
 26193 | Swamp:1  | Killed Aizul
 26431 | Swamp:1  | 26431 ||| Stepping ~*~*~tactically~*~*~ (water).
 26442 | Swamp:1  | Found a runed translucent door.
 26444 | Swamp:1  | Identified the +10 spear "Walos" {distort, rElec rF+ rC+}
 26445 | Swamp:1  | Noticed qw's ghost (adept GrFi)
 26487 | Swamp:1  | 26487 ||| Stepping ~*~*~tactically~*~*~ (water).
 26489 | Swamp:1  | 26489 ||| Stepping ~*~*~tactically~*~*~ (water).
 26491 | Swamp:1  | 26491 ||| Stepping ~*~*~tactically~*~*~ (water).
 26614 | Swamp:1  | 26614 ||| INVOKING Heroism.
 26619 | Swamp:1  | Received a gift from Okawaru
 26619 | Swamp:1  | Found the +3 pair of mountain boots {steadfast, rC+}
 26635 | Swamp:1  | 26635 ||| Stepping ~*~*~tactically~*~*~ (water).
 26893 | Swamp:1  | 26893 ||| Stepping ~*~*~tactically~*~*~ (water).
 26897 | Swamp:1  | 26897 ||| UPGRADING to +3 pair of mountain boots
                  | {steadfast, rC+}.
 26902 | Swamp:1  | 26902 ||| UPGRADING to ring of Dahouh {rElec rF+ Dex-2
                  | SInv}.
 26904 | Swamp:1  | 26904 ||| UPGRADING to ring of Veim {Fly rPois rF+ Int+4}.
 27055 | Swamp:2  | 27055 ||| INVOKING Heroism.
 27081 | Swamp:2  | Reached skill level 9 in Armour
 27238 | Swamp:2  | 27238 ||| INVOKING Heroism.
 27494 | Swamp:2  | 27494 ||| READING scroll labelled BEOLAJIALE.
 27494 | Swamp:2  | Identified a scroll of acquirement
 27494 | Swamp:2  | 27494 ||| ACQUIRING +27 heavy crossbow "Sniper" {heavy,
                  | Acc+∞ SInv}
 27494 | Swamp:2  | Acquired the +27 heavy crossbow "Sniper" {heavy, Acc+∞
                  | SInv}
 27494 | Swamp:2  | Found the +27 heavy crossbow "Sniper" {heavy, Acc+∞ SInv}
 27496 | Swamp:2  | 27496 ||| DROPPING +6 arbalest "Damnation" {damnation}.
 27530 | Swamp:3  | Noticed Mlioglotl
 27531 | Swamp:3  | 27531 ||| INVOKING Heroism.
 27548 | Swamp:3  | Killed Mlioglotl
 27583 | Swamp:3  | 27583 ||| INVOKING Heroism.
 27585 | Swamp:3  | Reached skill level 20 in Fighting
 27714 | Swamp:3  | 27714 ||| INVOKING Heroism.
 28074 | Swamp:3  | 28074 ||| PLANNING SNAKE:4
 28234 | Snake:4  | Entered Level 4 of the Snake Pit
 28246 | Snake:4  | 28246 ||| STAIRDANCE
 28445 | Snake:4  | 28445 ||| Stepping ~*~*~tactically~*~*~ (outnumbered).
 28447 | Snake:4  | 28447 ||| Stepping ~*~*~tactically~*~*~ (outnumbered).
 28481 | Snake:4  | 28481 ||| INVOKING Heroism.
 28499 | Snake:4  | 28499 ||| Stepping ~*~*~tactically~*~*~ (outnumbered).
 28508 | Snake:4  | Received a gift from Okawaru
 28650 | Snake:4  | Found Emuuqot's Magic Scroll Boutique.
 28658 | Snake:4  | 28658 ||| BUYING scroll of enchant armour (135 gold).
 28658 | Snake:4  | Bought a scroll of enchant armour for 135 gold pieces
 28658 | Snake:4  | 28658 ||| BUYING scroll of enchant weapon (135 gold).
 28658 | Snake:4  | Bought a scroll of enchant weapon for 135 gold pieces
 28797 | Snake:4  | 28797 ||| Stepping ~*~*~tactically~*~*~ (outnumbered).
 28799 | Snake:4  | 28799 ||| Stepping ~*~*~tactically~*~*~ (outnumbered).
 28805 | Snake:4  | 28805 ||| Stepping ~*~*~tactically~*~*~ (outnumbered).
 28807 | Snake:4  | 28807 ||| Stepping ~*~*~tactically~*~*~ (outnumbered).
 28809 | Snake:4  | 28809 ||| Stepping ~*~*~tactically~*~*~ (outnumbered).
 28820 | Snake:4  | Reached XP level 18. HP: 156/178 MP: 24/24
 28864 | Snake:4  | 28864 ||| Stepping ~*~*~tactically~*~*~ (outnumbered).
 28865 | Snake:4  | 28865 ||| INVOKING Heroism.
 28948 | Snake:4  | 28948 ||| INVOKING Heroism.
 28995 | Snake:4  | 28995 ||| Stepping ~*~*~tactically~*~*~ (outnumbered).
 28999 | Snake:4  | 28999 ||| Stepping ~*~*~tactically~*~*~ (outnumbered).
 29004 | Snake:4  | Received a gift from Okawaru
 29005 | Snake:4  | 29005 ||| INVOKING Heroism.
 29039 | Snake:4  | Reached skill level 21 in Fighting
 29055 | Snake:4  | Got a serpentine rune of Zot
 29293 | Snake:4  | 29293 ||| PLANNING VAULTS:1-4
 29293 | Snake:4  | 29293 ||| DROPPING +2 ring mail of cold resistance.
 29504 | Vaults:1 | Entered Level 1 of the Vaults
 29505 | Vaults:1 | 29505 ||| PLANNING WIZLAB
 29545 | Vaults:1 | 29545 ||| Stepping ~*~*~tactically~*~*~ (outnumbered).
 29547 | Vaults:1 | 29547 ||| Stepping ~*~*~tactically~*~*~ (outnumbered).
 29548 | Vaults:1 | 29548 ||| FLEEEEING.
 29657 | Vaults:1 | 29657 ||| FLEEEEING.
 29658 | Vaults:1 | 29658 ||| Stepping ~*~*~tactically~*~*~ (outnumbered).
 29669 | Vaults:1 | 29669 ||| FLEEEEING.
 29704 | Vaults:1 | 29704 ||| FLEEEEING.
 29705 | Vaults:1 | 29705 ||| FLEEEEING.
 29706 | Vaults:1 | 29706 ||| FLEEEEING.
 29707 | Vaults:1 | 29707 ||| FLEEEEING.
 29708 | Vaults:1 | 29708 ||| FLEEEEING.
 29709 | Vaults:1 | 29709 ||| FLEEEEING.
 29824 | Vaults:1 | Reached skill level 21 in Dodging
 30093 | Vaults:1 | 30093 ||| Stepping ~*~*~tactically~*~*~ (outnumbered).
 30094 | Vaults:1 | 30094 ||| Stepping ~*~*~tactically~*~*~ (outnumbered).
 30165 | Vaults:1 | Found a magical portal.
 30166 | Vaults:1 | 30166 ||| DROPPING +0 leather armour of poison resistance.
 30167 | Vaults:1 | 30167 ||| DROPPING scarf of harm.
 30172 | WizLab   | Entered Doroklohe's Tomb
 30366 | Vaults:1 | 30366 ||| PLANNING VAULTS:1-4
 30499 | Vaults:1 | 30499 ||| Stepping ~*~*~tactically~*~*~ (outnumbered).
 31007 | Vaults:2 | 31007 ||| PLANNING BAZAAR
 31064 | Vaults:2 | Identified the +0 orcbow of Putrescence {freeze, Str+4}
                  | (Okawaru gifted it to you on level 2 of the Vaults)
 31064 | Vaults:2 | Received a gift from Okawaru
 31072 | Vaults:2 | Reached skill level 22 in Fighting
 31171 | Vaults:2 | 31171 ||| Stepping ~*~*~tactically~*~*~ (outnumbered).
 31173 | Vaults:2 | 31173 ||| Stepping ~*~*~tactically~*~*~ (outnumbered).
 31175 | Vaults:2 | 31175 ||| Stepping ~*~*~tactically~*~*~ (outnumbered).
 31177 | Vaults:2 | 31177 ||| Stepping ~*~*~tactically~*~*~ (outnumbered).
 31179 | Vaults:2 | 31179 ||| Stepping ~*~*~tactically~*~*~ (outnumbered).
 31282 | Vaults:2 | Found a flickering gateway to a bazaar.
 31290 | Bazaar   | Entered a bazaar
 31304 | Bazaar   | Found Guyfih's Distillery.
 31304 | Bazaar   | Found Muethyro's Distillery.
 31309 | Bazaar   | 31309 ||| BUYING potion of curing (51 gold).
 31309 | Bazaar   | Bought a potion of curing for 51 gold pieces
 31309 | Bazaar   | 31309 ||| BUYING potion of curing (51 gold).
 31309 | Bazaar   | Bought a potion of curing for 51 gold pieces
 31309 | Bazaar   | 31309 ||| BUYING potion of heal wounds (85 gold).
 31309 | Bazaar   | Bought a potion of heal wounds for 85 gold pieces
 31309 | Bazaar   | 31309 ||| BUYING potion of mutation (136 gold).
 31309 | Bazaar   | Bought a potion of mutation for 136 gold pieces
 31315 | Bazaar   | 31315 ||| BUYING 2 potions of heal wounds (110 gold).
 31315 | Bazaar   | Bought 2 potions of heal wounds for 110 gold pieces
 31315 | Bazaar   | 31315 ||| BUYING potion of enlightenment (55 gold).
 31315 | Bazaar   | Bought a potion of enlightenment for 55 gold pieces
 31315 | Bazaar   | 31315 ||| BUYING potion of enlightenment (55 gold).
 31315 | Bazaar   | Bought a potion of enlightenment for 55 gold pieces
 31326 | Bazaar   | Found Mogi's General Store.
 31342 | Bazaar   | Found Ynifol's Antique Armour Emporium.
 31342 | Bazaar   | Found Iriy's Antique Weapon Shoppe.
 31392 | Vaults:2 | 31392 ||| PLANNING VAULTS:1-4
 31592 | Vaults:2 | Reached XP level 19. HP: 191/191 MP: 25/25
 31608 | Vaults:2 | 31608 ||| INVOKING Heroism.
 31712 | Vaults:2 | Identified the +3 leather armour of Kuneh {SInv}
 31753 | Vaults:2 | 31753 ||| Stepping ~*~*~tactically~*~*~ (outnumbered).
 31755 | Vaults:2 | 31755 ||| Stepping ~*~*~tactically~*~*~ (outnumbered).
 31757 | Vaults:2 | 31757 ||| Stepping ~*~*~tactically~*~*~ (outnumbered).
 31760 | Vaults:2 | 31760 ||| Stepping ~*~*~tactically~*~*~ (outnumbered).
 31764 | Vaults:2 | 31764 ||| Stepping ~*~*~tactically~*~*~ (outnumbered).
 31765 | Vaults:2 | 31765 ||| Stepping ~*~*~tactically~*~*~ (outnumbered).
 31845 | Vaults:2 | Identified the +0 ring mail of Defiance {-Tele Harm Fly
                  | rF++} (Okawaru gifted it to you on level 2 of the Vaults)
 31845 | Vaults:2 | Received a gift from Okawaru
 31856 | Vaults:2 | Found Milauwino's Magic Scroll Shoppe.
 31864 | Vaults:2 | 31864 ||| SHOPLISTING scroll of enchant armour (112 gold,
                  | have 32).
 31864 | Vaults:2 | 31864 ||| SHOPLISTING scroll of teleportation (45 gold,
                  | have 32).
 32059 | Vaults:2 | 32059 ||| DROPPING +3 leather armour of Kuneh {SInv}.
 32213 | Vaults:3 | 32213 ||| DRINKING potion of resistance.
 32395 | Vaults:3 | 32395 ||| INVOKING Heroism.
 32639 | Vaults:3 | 32639 ||| INVOKING Heroism.
 32640 | Vaults:3 | 32640 ||| INVOKING Finesse.
 32669 | Vaults:3 | Reached skill level 23 in Fighting
 32722 | Vaults:3 | 32722 ||| INVOKING Heroism.
 32723 | Vaults:3 | 32723 ||| INVOKING Finesse.
 32845 | Vaults:3 | 32845 ||| INVOKING Heroism.
 32846 | Vaults:3 | 32846 ||| INVOKING Finesse.
 33025 | Vaults:3 | Identified the +1 cloak of Sukkew {Will+++ Int-3 SInv}
                  | (Okawaru gifted it to you on level 3 of the Vaults)
 33025 | Vaults:3 | Received a gift from Okawaru
 33082 | Vaults:3 | 33082 ||| INVOKING Heroism.
 33083 | Vaults:3 | 33083 ||| INVOKING Finesse.
 33095 | Vaults:3 | Reached skill level 24 in Fighting
 33280 | Vaults:3 | 33280 ||| INVOKING Heroism.
 33281 | Vaults:3 | 33281 ||| INVOKING Finesse.
 33380 | Vaults:3 | Reached skill level 12 in Armour
 33388 | Vaults:3 | Found a staircase to the Crypt.
 33408 | Vaults:3 | 33408 ||| INVOKING Heroism.
 33409 | Vaults:3 | 33409 ||| INVOKING Finesse.
 33533 | Vaults:3 | 33533 ||| Stepping ~*~*~tactically~*~*~ (outnumbered).
 33782 | Vaults:4 | Reached XP level 20. HP: 205/209 MP: 26/26
 33912 | Vaults:4 | 33912 ||| INVOKING Heroism.
 33913 | Vaults:4 | 33913 ||| INVOKING Finesse.
 34076 | Vaults:4 | 34076 ||| Stepping ~*~*~tactically~*~*~ (outnumbered).
 34082 | Vaults:4 | 34082 ||| Stepping ~*~*~tactically~*~*~ (outnumbered).
 34085 | Vaults:4 | Reached skill level 25 in Fighting
 34085 | Vaults:4 | 34085 ||| Stepping ~*~*~tactically~*~*~ (outnumbered).
 34089 | Vaults:4 | 34089 ||| FLEEEEING.
 34090 | Vaults:4 | 34090 ||| FLEEEEING.
 34092 | Vaults:4 | 34092 ||| FLEEEEING.
 34093 | Vaults:4 | 34093 ||| FLEEEEING.
 34094 | Vaults:4 | 34094 ||| FLEEEEING.
 34095 | Vaults:4 | 34095 ||| FLEEEEING.
 34103 | Vaults:4 | Received a gift from Okawaru
 34144 | Vaults:4 | Found Gozag's Antique Armour Shoppe.
 34155 | Vaults:4 | Found Gozag's Antique Armour Emporium.
 34155 | Vaults:4 | Found an opulent altar of Gozag.
 34164 | Vaults:4 | 34164 ||| SHOPLISTING bloodstained leather armour (700
                  | gold, have 322).
 34164 | Vaults:4 | 34164 ||| SHOPLISTING encrusted leather armour (700 gold,
                  | have 322).
 34164 | Vaults:4 | 34164 ||| SHOPLISTING shiny ring mail (700 gold, have 322).
 34169 | Vaults:4 | Found Gozag's Antique Armour Emporium.
 34174 | Vaults:4 | 34174 ||| SHOPLISTING pair of pitted boots (950 gold, have
                  | 322).
 34174 | Vaults:4 | 34174 ||| SHOPLISTING smelly ring mail (900 gold, have
                  | 322).
 34182 | Vaults:4 | 34182 ||| SHOPLISTING agate-encrusted ring mail (900 gold,
                  | have 322).
 34182 | Vaults:4 | 34182 ||| SHOPLISTING pair of glowing gloves (750 gold,
                  | have 322).
 34182 | Vaults:4 | 34182 ||| SHOPLISTING runed leather armour (500 gold, have
                  | 322).
 34182 | Vaults:4 | 34182 ||| SHOPLISTING shiny ring mail (700 gold, have 322).
 34182 | Vaults:4 | 34182 ||| SHOPLISTING smoking leather armour (700 gold,
                  | have 322).
 34391 | Vaults:4 | 34391 ||| Stepping ~*~*~tactically~*~*~ (outnumbered).
 34393 | Vaults:4 | 34393 ||| Stepping ~*~*~tactically~*~*~ (outnumbered).
 34397 | Vaults:4 | 34397 ||| Stepping ~*~*~tactically~*~*~ (outnumbered).
 34399 | Vaults:4 | 34399 ||| Stepping ~*~*~tactically~*~*~ (outnumbered).
 34400 | Vaults:4 | 34400 ||| Stepping ~*~*~tactically~*~*~ (outnumbered).
 34479 | Vaults:4 | Identified the +0 plate armour of the Equator {Fly}
 34503 | Vaults:4 | Identified the +1 robe of Qotiamif {rN+ rCorr Str-3}
 34725 | Vaults:4 | Identified the +1 scale mail of Unambiguity {Dex+2}
                  | (Okawaru gifted it to you on level 4 of the Vaults)
 34725 | Vaults:4 | Received a gift from Okawaru
 34765 | Vaults:4 | 34765 ||| Stepping ~*~*~tactically~*~*~ (outnumbered).
 34767 | Vaults:4 | 34767 ||| INVOKING Heroism.
 34768 | Vaults:4 | 34768 ||| INVOKING Finesse.
 34772 | Vaults:4 | Reached skill level 26 in Fighting
 34772 | Vaults:4 | 34772 ||| Stepping ~*~*~tactically~*~*~ (outnumbered).
 35312 | Vaults:4 | 35312 ||| PLANNING SWAMP:4
 35312 | Vaults:4 | 35312 ||| DROPPING ring of protection from cold.
 35313 | Vaults:4 | 35313 ||| DROPPING ring of poison resistance.
 35314 | Vaults:4 | 35314 ||| DROPPING ring of Dithmenos's Grace {Ice rN+
                  | MP+9}.
 35315 | Vaults:4 | 35315 ||| DROPPING +6 ring of strength.
 35316 | Vaults:4 | 35316 ||| DROPPING ring of willpower.
 35317 | Vaults:4 | 35317 ||| UPGRADING to +5 ring of evasion.
 35319 | Vaults:4 | 35319 ||| UPGRADING to +4 ring of protection.
 35602 | Swamp:4  | Entered Level 4 of the Swamp
 35613 | Swamp:4  | 35613 ||| STAIRDANCE
 35645 | Swamp:4  | 35645 ||| STAIRDANCE
 35687 | Swamp:4  | 35687 ||| STAIRDANCE
 35736 | Swamp:4  | 35736 ||| STAIRDANCE
 35768 | Swamp:4  | 35768 ||| STAIRDANCE
 35997 | Swamp:4  | 35997 ||| Stepping ~*~*~tactically~*~*~ (water).
 36092 | Swamp:4  | Got a decaying rune of Zot
 36138 | Swamp:4  | Identified the ring of Oclomuet {Drain rElec rF+ Will+
                  | Str+3}
 36203 | Swamp:4  | 36203 ||| PLANNING DEPTHS
 36203 | Swamp:4  | 36203 ||| DROPPING +0 swamp dragon scales.
 36204 | Swamp:4  | 36204 ||| DROPPING amulet of regeneration.
 36205 | Swamp:4  | 36205 ||| DROPPING ring of fire.
 36206 | Swamp:4  | 36206 ||| UPGRADING to ring of Oclomuet {Drain rElec rF+
                  | Will+ Str+3}.
 36208 | Swamp:4  | 36208 ||| SWAPPING to +27 heavy crossbow "Sniper" {heavy,
                  | Acc+∞ SInv}.
 36209 | Swamp:4  | 36209 ||| UPGRADING to +1 cloak of Sukkew {Will+++ Int-3
                  | SInv}.
 36440 | Depths:1 | Entered Level 1 of the Depths
 36448 | Depths:1 | Found Heduewy's Antique Armour Shoppe.
 36457 | Depths:1 | 36457 ||| BUYING glowing leather armour (225 gold).
 36457 | Depths:1 | Bought a glowing leather armour for 225 gold pieces
 36471 | Depths:1 | Identified the +0 buckler of Exclusion {rC+ Will+} (Okawaru
                  | gifted it to you on level 1 of the Depths)
 36471 | Depths:1 | Received a gift from Okawaru
 36497 | Depths:1 | 36497 ||| INVOKING Heroism.
 36498 | Depths:1 | 36498 ||| INVOKING Finesse.
 36562 | Depths:1 | 36562 ||| INVOKING Finesse.
 36638 | Depths:1 | Found a runed translucent door.
 36638 | Depths:1 | Noticed a caustic shrike
 36641 | Depths:1 | 36641 ||| DROPPING +2 leather armour of poison resistance.
 36677 | Depths:1 | 36677 ||| DROPPING +1 pair of gloves.
 36680 | Depths:1 | Noticed a caustic shrike
 36729 | Depths:1 | 36729 ||| INVOKING Heroism.
 36730 | Depths:1 | 36730 ||| INVOKING Finesse.
 36731 | Depths:1 | Killed a caustic shrike
 36740 | Depths:1 | Reached skill level 21 in Ranged Weapons
 36740 | Depths:1 | Reached XP level 21. HP: 222/222 MP: 21/27
 36761 | Depths:1 | 36761 ||| INVOKING Finesse.
 36967 | Depths:1 | 36967 ||| Stepping ~*~*~tactically~*~*~ (outnumbered).
 37013 | Depths:1 | Found a gateway to Hell.
 37044 | Depths:1 | 37044 ||| Stepping ~*~*~tactically~*~*~ (outnumbered).
 37569 | Depths:2 | 37569 ||| INVOKING Finesse.
 37660 | Depths:2 | 37660 ||| FLEEEEING.
 37694 | Depths:2 | 37694 ||| Stepping ~*~*~tactically~*~*~ (outnumbered).
 37696 | Depths:2 | 37696 ||| INVOKING Heroism.
 37698 | Depths:2 | Received a gift from Okawaru
 37714 | Depths:2 | Noticed Sojobo
 37715 | Depths:2 | 37715 ||| INVOKING Finesse.
 37716 | Depths:2 | 37716 ||| Stepping ~*~*~tactically~*~*~ (outnumbered).
 37723 | Depths:2 | Killed Sojobo
 37802 | Depths:2 | 37802 ||| Stepping ~*~*~tactically~*~*~ (outnumbered).
 37810 | Depths:2 | 37810 ||| INVOKING Heroism.
 37919 | Depths:2 | Reached skill level 27 in Fighting
 37924 | Depths:2 | 37924 ||| Stepping ~*~*~tactically~*~*~ (outnumbered).
 37926 | Depths:2 | 37926 ||| Stepping ~*~*~tactically~*~*~ (outnumbered).
 37928 | Depths:2 | Noticed Saint Roka
 37929 | Depths:2 | 37929 ||| INVOKING Finesse.
 37941 | Depths:2 | 37941 ||| INVOKING Heroism.
 37942 | Depths:2 | Killed Saint Roka
 38014 | Depths:2 | Noticed a golden dragon
 38015 | Depths:2 | 38015 ||| INVOKING Heroism.
 38016 | Depths:2 | 38016 ||| INVOKING Finesse.
 38021 | Depths:2 | Killed a golden dragon
 38024 | Depths:2 | 38024 ||| Stepping ~*~*~tactically~*~*~ (outnumbered).
 38470 | Depths:2 | Found a one-way gate leading to the halls of Pandemonium.
 38578 | Depths:3 | 38578 ||| INVOKING Heroism.
 38580 | Depths:3 | Noticed a juggernaut
 38581 | Depths:3 | 38581 ||| Stepping ~*~*~tactically~*~*~ (outnumbered).
 38583 | Depths:3 | Noticed a juggernaut
 38584 | Depths:3 | 38584 ||| Stepping ~*~*~tactically~*~*~ (outnumbered).
 38585 | Depths:3 | 38585 ||| Stepping ~*~*~tactically~*~*~ (outnumbered).
 38587 | Depths:3 | 38587 ||| INVOKING Finesse.
 38589 | Depths:3 | Killed a juggernaut
 38593 | Depths:3 | Reached skill level 15 in Armour
 38614 | Depths:3 | Identified the +2 ring mail of Lemily {rF++ rC+} (Okawaru
                  | gifted it to you on level 3 of the Depths)
 38614 | Depths:3 | Received a gift from Okawaru
 38642 | Depths:3 | 38642 ||| INVOKING Heroism.
 38648 | Depths:3 | 38648 ||| INVOKING Finesse.
 38650 | Depths:3 | Killed a juggernaut
 38714 | Depths:3 | 38714 ||| INVOKING Heroism.
 38730 | Depths:3 | 38730 ||| Stepping ~*~*~tactically~*~*~ (outnumbered).
 38731 | Depths:3 | Noticed a caustic shrike
 38732 | Depths:3 | 38732 ||| Stepping ~*~*~tactically~*~*~ (outnumbered).
 38736 | Depths:3 | 38736 ||| INVOKING Heroism.
 38739 | Depths:3 | Reached XP level 22. HP: 205/233 MP: 26/29
 38742 | Depths:3 | 38742 ||| INVOKING Finesse.
 38744 | Depths:3 | Killed a caustic shrike
 38770 | Depths:3 | Reached skill level 18 in Armour
 38821 | Depths:3 | Identified the ring of Idealism {Ice rPois Str-5 Int+3}
 38871 | Depths:3 | Found Neamew's Assorted Antiques.
 38879 | Depths:3 | 38879 ||| BUYING potion of haste (370 gold).
 38879 | Depths:3 | Bought a potion of haste for 370 gold pieces
 38879 | Depths:3 | 38879 ||| BUYING scroll of teleportation (111 gold).
 38879 | Depths:3 | Bought a scroll of teleportation for 111 gold pieces
 38928 | Depths:3 | Noticed the Enchantress
 38929 | Depths:3 | 38929 ||| INVOKING Heroism.
 38931 | Depths:3 | 38931 ||| INVOKING Finesse.
 38933 | Depths:3 | Killed the Enchantress
 39019 | Depths:3 | Received a gift from Okawaru
 39055 | Depths:3 | Found Lammal's Weapon Boutique.
 39056 | Depths:3 | 39056 ||| FLEEEEING.
 39057 | Depths:3 | 39057 ||| FLEEEEING.
 39058 | Depths:3 | 39058 ||| FLEEEEING.
 39059 | Depths:3 | 39059 ||| FLEEEEING.
 39060 | Depths:3 | 39060 ||| FLEEEEING.
 39061 | Depths:3 | 39061 ||| FLEEEEING.
 39062 | Depths:3 | 39062 ||| FLEEEEING.
 39063 | Depths:3 | 39063 ||| FLEEEEING.
 39065 | Depths:3 | 39065 ||| INVOKING Heroism.
 39066 | Depths:3 | 39066 ||| Stepping ~*~*~tactically~*~*~ (outnumbered).
 39073 | Depths:3 | 39073 ||| INVOKING Finesse.
 39234 | Depths:3 | Found Nupnerr's Antique Armour Shop.
 39243 | Depths:3 | 39243 ||| BUYING bloodstained ring mail (333 gold).
 39243 | Depths:3 | Bought a bloodstained ring mail for 333 gold pieces
 39243 | Depths:3 | Identified the +1 ring mail "Umojylod" {rF+} (You bought it
                  | in a shop on level 3 of the Depths)
 39243 | Depths:3 | 39243 ||| BUYING spiked leather armour (259 gold).
 39243 | Depths:3 | Bought a spiked leather armour for 259 gold pieces
 39243 | Depths:3 | Identified the +2 leather armour of Crawling {Drain Fly
                  | rC+} (You bought it in a shop on level 3 of the Depths)
 39282 | Depths:3 | Identified the +3 glaive of Bread {freeze, *Corrode rC+
                  | SInv}
 39283 | Depths:3 | 39283 ||| DROPPING +1 ring mail "Umojylod" {rF+}.
 39284 | Depths:3 | 39284 ||| DROPPING +2 leather armour of Crawling {Drain Fly
                  | rC+}.
 39285 | Depths:3 | 39285 ||| INVOKING Heroism.
 39286 | Depths:3 | 39286 ||| INVOKING Finesse.
 39321 | Depths:3 | 39321 ||| DROPPING +2 leather armour of fire resistance.
 39322 | Depths:3 | 39322 ||| DROPPING ring of Idealism {Ice rPois Str-5
                  | Int+3}.
 39338 | Depths:3 | 39338 ||| Stepping ~*~*~tactically~*~*~ (outnumbered).
 39478 | Depths:3 | Found Xodus's Armour Shop.
 39897 | Depths:3 | 39897 ||| INVOKING Heroism.
 39943 | Depths:4 | Entered Level 4 of the Depths
 39951 | Depths:4 | 39951 ||| Stepping ~*~*~tactically~*~*~ (outnumbered).
 39962 | Depths:4 | 39962 ||| INVOKING Heroism.
 40082 | Depths:4 | Noticed a caustic shrike
 40083 | Depths:4 | Noticed a caustic shrike
 40084 | Depths:4 | 40084 ||| INVOKING Heroism.
 40085 | Depths:4 | Killed a caustic shrike
 40088 | Depths:4 | Killed a caustic shrike
 40341 | Depths:4 | Found a one-way gateway to a ziggurat.
 40389 | Depths:4 | 40389 ||| Stepping ~*~*~tactically~*~*~ (outnumbered).
 40391 | Depths:4 | 40391 ||| INVOKING Heroism.
 40392 | Depths:4 | 40392 ||| Stepping ~*~*~tactically~*~*~ (outnumbered).
 40467 | Depths:4 | Found a gate to the Realm of Zot.
 40468 | Depths:4 | 40468 ||| INVOKING Heroism.
 40469 | Depths:4 | 40469 ||| INVOKING Finesse.
 40620 | Depths:4 | Noticed a caustic shrike
 40621 | Depths:4 | 40621 ||| INVOKING Heroism.
 40623 | Depths:4 | Killed a caustic shrike
 40815 | Depths:4 | Reached skill level 21 in Armour
 40815 | Depths:4 | 40815 ||| INVOKING Heroism.
 40820 | Depths:4 | 40820 ||| INVOKING Finesse.
 40831 | Depths:4 | 40831 ||| Stepping ~*~*~tactically~*~*~ (outnumbered).
 40935 | Depths:4 | Found an ancient bone altar of Kikubaaqudgha.
 41037 | Depths:4 | 41037 ||| Stepping ~*~*~tactically~*~*~ (outnumbered).
 41111 | Depths:4 | 41111 ||| PLANNING VAULTS:5
 41347 | Vaults:5 | Entered Level 5 of the Vaults
 41351 | Vaults:5 | 41351 ||| STAIRDANCE
 41353 | Vaults:4 | 41353 ||| INVOKING Heroism.
 41481 | Vaults:5 | 41481 ||| INVOKING Heroism.
 41482 | Vaults:5 | 41482 ||| INVOKING Finesse.
 41496 | Vaults:5 | 41496 ||| STAIRDANCE
 41623 | Vaults:5 | 41623 ||| STAIRDANCE
 41649 | Vaults:5 | 41649 ||| INVOKING Heroism.
 41653 | Vaults:5 | Reached skill level 12 in Invocations
 41658 | Vaults:5 | 41658 ||| Stepping ~*~*~tactically~*~*~ (outnumbered).
 41660 | Vaults:5 | Reached XP level 23. HP: 174/240 MP: 31/31
 41662 | Vaults:5 | 41662 ||| INVOKING Finesse.
 41663 | Vaults:5 | 41663 ||| Stepping ~*~*~tactically~*~*~ (outnumbered).
 41665 | Vaults:5 | 41665 ||| Stepping ~*~*~tactically~*~*~ (outnumbered).
 41667 | Vaults:5 | 41667 ||| INVOKING Heroism.
 41670 | Vaults:5 | HP: 57/240 [quicksilver dragon (12)]
 41671 | Vaults:5 | 41671 ||| READING 11 scrolls of teleportation.
 41671 | Vaults:5 | HP: 28/240 [stone giant (30)]
 41672 | Vaults:5 | 41672 ||| DRINKING 9 potions of heal wounds.
 41673 | Vaults:5 | 41673 ||| DRINKING 8 potions of heal wounds.
 41674 | Vaults:5 | 41674 ||| READING 10 scrolls of teleportation.
 41675 | Vaults:5 | 41675 ||| DRINKING 7 potions of heal wounds.
 41678 | Vaults:5 | Identified the ring "Raxinir" {rC+ rN+}
 41679 | Vaults:5 | 41679 ||| Stepping ~*~*~tactically~*~*~ (outnumbered).
 41680 | Vaults:5 | 41680 ||| Stepping ~*~*~tactically~*~*~ (outnumbered).
 41694 | Vaults:5 | 41694 ||| Stepping ~*~*~tactically~*~*~ (outnumbered).
 41696 | Vaults:5 | HP: 52/240 [hell knight/+1 halberd of distortion (16)]
 41697 | Vaults:5 | 41697 ||| READING 9 scrolls of teleportation.
 41698 | Vaults:5 | 41698 ||| DRINKING 6 potions of heal wounds.
 41699 | Vaults:5 | 41699 ||| DRINKING 5 potions of heal wounds.
 41703 | Vaults:5 | Received a gift from Okawaru
 41706 | Vaults:5 | 41706 ||| INVOKING Heroism.
 41712 | Vaults:5 | HP: 57/240 [yaktaur captain (13)]
 41713 | Vaults:5 | 41713 ||| READING 8 scrolls of teleportation.
 41714 | Vaults:5 | 41714 ||| DRINKING 4 potions of heal wounds.
 41718 | Vaults:5 | Noticed a dread lich
 41721 | Vaults:5 | Killed a dread lich
 41732 | Vaults:5 | HP: 58/240 [vault warden/bolt (28)]
 41733 | Vaults:5 | 41733 ||| READING 7 scrolls of teleportation.
 41734 | Vaults:5 | 41734 ||| DRINKING 3 potions of heal wounds.
 41780 | Vaults:5 | 41780 ||| INVOKING Heroism.
 41781 | Vaults:5 | 41781 ||| INVOKING Finesse.
 41899 | Vaults:5 | 41899 ||| INVOKING Heroism.
 41940 | Vaults:5 | 41940 ||| INVOKING Finesse.
 41943 | Vaults:5 | 41943 ||| INVOKING Heroism.
 42031 | Vaults:5 | 42031 ||| Stepping ~*~*~tactically~*~*~ (outnumbered).
 42119 | Vaults:5 | 42119 ||| INVOKING Heroism.
 42121 | Vaults:5 | Reached skill level 15 in Invocations
 42121 | Vaults:5 | 42121 ||| INVOKING Finesse.
 42225 | Vaults:5 | 42225 ||| Stepping ~*~*~tactically~*~*~ (outnumbered).
 42229 | Vaults:5 | 42229 ||| Stepping ~*~*~tactically~*~*~ (outnumbered).
 42237 | Vaults:5 | 42237 ||| Stepping ~*~*~tactically~*~*~ (outnumbered).
 42239 | Vaults:5 | 42239 ||| INVOKING Heroism.
 42240 | Vaults:5 | 42240 ||| INVOKING Finesse.
 42242 | Vaults:5 | 42242 ||| Stepping ~*~*~tactically~*~*~ (outnumbered).
 42243 | Vaults:5 | 42243 ||| Stepping ~*~*~tactically~*~*~ (outnumbered).
 42292 | Vaults:5 | Identified the +3 rapier of Uskayaw's Favour {heavy, rC+
                  | Will+}
 42299 | Vaults:5 | Identified the amulet of Peagogh {Acrobat +Inv rF++}
 42303 | Vaults:5 | Identified the +9 mace of Heiclata {speed, *Rage Fly Str+3}
 42305 | Vaults:5 | Identified the +3 war axe of the Hero {drain, rElec Will+}
 42411 | Vaults:5 | 42411 ||| INVOKING Heroism.
 42412 | Vaults:5 | 42412 ||| INVOKING Finesse.
 42417 | Vaults:5 | Received a gift from Okawaru
 42466 | Vaults:5 | Got a silver rune of Zot
 42573 | Vaults:5 | 42573 ||| INVOKING Heroism.
 42574 | Vaults:5 | 42574 ||| INVOKING Finesse.
 42685 | Vaults:5 | Identified the +0 plate armour "Xuenaq" {SInv}
 42842 | Vaults:5 | 42842 ||| PLANNING SHOPPING SPREE
 42842 | Vaults:5 | 42842 ||| DROPPING +2 pair of boots of stealth.
 42843 | Vaults:5 | 42843 ||| DROPPING amulet of the acrobat.
 42955 | Vaults:2 | 42955 ||| BUYING scroll of enchant armour (112 gold).
 42955 | Vaults:2 | Bought a scroll of enchant armour for 112 gold pieces
 42955 | Vaults:2 | 42955 ||| BUYING scroll of teleportation (45 gold).
 42955 | Vaults:2 | Bought a scroll of teleportation for 45 gold pieces
 42955 | Vaults:2 | 42955 ||| BUYING scroll of teleportation (45 gold).
 42955 | Vaults:2 | Bought a scroll of teleportation for 45 gold pieces
 43176 | Orc:2    | 43176 ||| BUYING potion of resistance (100 gold).
 43176 | Orc:2    | Bought a potion of resistance for 100 gold pieces
 43367 | Snake:1  | 43367 ||| BUYING potion of resistance (130 gold).
 43367 | Snake:1  | Bought a potion of resistance for 130 gold pieces
 43670 | Vaults:4 | 43670 ||| BUYING agate-encrusted ring mail (900 gold).
 43670 | Vaults:4 | Bought an agate-encrusted ring mail for 900 gold pieces
 43670 | Vaults:4 | Identified the +0 ring mail of Activism {Will+ Dex+3} (You
                  | bought it in a shop on level 4 of the Vaults)
 43670 | Vaults:4 | 43670 ||| BUYING pair of glowing gloves (750 gold).
 43670 | Vaults:4 | Bought a pair of glowing gloves for 750 gold pieces
 43670 | Vaults:4 | 43670 ||| BUYING runed leather armour (500 gold).
 43670 | Vaults:4 | Bought a runed leather armour for 500 gold pieces
 43739 | Vaults:4 | 43739 ||| DROPPING +0 ring mail of Activism {Will+ Dex+3}.
 43740 | Vaults:4 | 43740 ||| DROPPING +1 pair of gloves.
 43741 | Vaults:4 | 43741 ||| DROPPING +1 leather armour of fire resistance.
 43742 | Vaults:4 | 43742 ||| CLEARING SHOPPING LIST
 43742 | Vaults:4 | 43742 ||| PLANNING ZOT:1-4
 44019 | Zot:1    | Entered Level 1 of the Realm of Zot
 44019 | Zot:1    | Noticed an orb of fire
 44020 | Zot:1    | 44020 ||| DRINKING 2 potions of resistance.
 44021 | Zot:1    | 44021 ||| INVOKING Heroism.
 44025 | Zot:1    | 44025 ||| STAIRDANCE
 44027 | Depths:4 | HP: 58/240 [tentacled monstrosity (11)]
 44027 | Depths:4 | Gained mutation: You sometimes lose your temper in combat.
                  | [an orb of fire]
 44027 | Depths:4 | HP: 26/240 [tentacled monstrosity (14)]
 44028 | Depths:4 | 44028 ||| READING 10 scrolls of teleportation.
 44028 | Depths:4 | HP: 11/240 [tentacled monstrosity (15)]
 44028 | Depths:4 | HP: 1/240 [constriction (5)]
 44028 | Depths:4 | Killed from afar by a yellow draconian annihilator

Levels and vault maps discovered:
D:1:      ldierk_walled_garden, layout_rooms,
          hellmonk_ecumenical_altar_lost_god, hex_medium, minmay_misc_feat_cross
D:2:      minmay_spotlight, layout_basic, serial_glass, glass_columns_c,
          glass_columns_b, glass_columns_a, glass_columns_a, glass_columns_b,
          minmay_strange_pillars, item_on_display_a
D:3:      wad_lake_hut, layout_basic, mainiacjoe_overflow_small_starburst,
          minitemple, lightli_corner_chamber
D:4:      layout_cave_pools, nicolae_uskayaw_suspiria, lemuel_crystal_altar,
          serial_shops, nicolae_shop_stone, uniq_menkaure
D:5:      layout_basic, nicolae_gozag_seed_capital, gammafunk_ghost_stat_death,
          enter_ossuary_3, nicolae_shop_sticking_my_neck_out
D:6:      layout_loops_cross, lemuel_coloured_pillars_altar
D:7:      layout_gridville, minmay_temple_entry_overgrown
D:8:      layout_loops_corners, xom_shifter_show
D:9:      layout_basic, mainiacjoe_overflow_alcove_1,
          nicolae_overflow_crystal_walls, uniq_gastronok, uniq_maurice
D:10:     layout_stronghold, overflow_temple_1_default, david_orc_2,
          serial_shops, shop, chequers_serial_rivers_micro_c,
          hangedman_incinerator, uniq_urug, uniq_harold
D:11:     layout_loops_ring, grunt_lair_entry_orc_guard_hut, grunt_ministairs_9,
          minmay_beelzebubs_servants
D:12:     layout_irregular_city, hangedman_abyss_or_decor_stagger,
          serial_park_tiny_1, chequers_serial_rivers_room_b, grunt_livestock,
          fedhas_ov_isle_minmay, uniq_lodul, uniq_nergalle
D:13:     layout_cave_pools, ximxim_vaults_locker_room, serial_demonic,
          serial_demonic_f, serial_demonic_b, serial_demonic_c, serial_demonic_d
D:14:     layout_loops_corners, moated_statue, fountainhead,
          nrook_guardian_serpent_double, uniq_roxanne, uniq_kirke
D:15:     hangedman_depths_entry_civil_slaughter, layout_long_grid,
          grunt_decor_mini_mirrors, okawaru_trees_1
Temple:   nicolae_temple_bog_church
Lair:1:   layout_roguey, roderic_batcave, infiniplex_staircase_pool_2,
          uniq_maggie
Lair:2:   layout_hall_layers, swamp_mist
Lair:3:   layout_gridlike, minmay_snake_entry_six_corridors,
          gammafunk_ghost_split, portal_ice_cave_entry_ice_simulacra,
          uniq_josephine
Lair:4:   layout_cave_pods, grunt_megastairs_5
Lair:5:   hellmonk_lair_end_abyssal_woods, layout_gridlike,
          nicolae_slime_entry_field_trip, st_stairs_7, grunt_megastairs_1
Swamp:1:  layout_basic_swamp, ebering_ghost_funeral_grove,
          evilmike_swamp_ruin_house_3, swamp_pool1, nicolae_swamp_little_tower,
          uniq_louise, uniq_aizul, uniq_jorgrun
Swamp:2:  layout_basic_swamp, nicolae_swamp_trees_clearing,
          nicolae_swamp_big_swirl, infiniplex_staircase_pool
Swamp:3:  layout_falls_marsh, nicolae_swamp_fairy_circle, swamp_pool1,
          statue_in_the_mist_lemuel, nicolae_swamp_very_dense_foliage,
          uniq_mlioglotl
Swamp:4:  swamp_alternative, layout_basic_swamp
Snake:1:  layout_concentric_octagons, ebering_ghost_disaster_area,
          nicolae_snake_flat_spine, st_stairs_11, serial_bayou_lagoon_b,
          minmay_shoptagon
Snake:2:  layout_grid_shapes
Snake:3:  hangedman_cross_veins, layout_onion, hellmonk_ghost_happy_afterlife
Snake:4:  grunt_snake_rune_pools, layout_basic, serial_shops, shop
Orc:1:    layout_caves, guppyfry_orc_lava_fort
Orc:2:    st_orc_town, layout_caves
Vaults:1: mu_enter_wizlab_2, v_alt_pattern_2, nicolae_vaults_storage_closets_3,
          nicolae_vaults_holding_cells, nicolae_vaults_trapezoid_lopsided_2,
          nicolae_vaults_network_barrier, vaults_dpeg_hooks,
          nicolae_vaults_octothorpe, v_misc_33, v_misc_30,
          nicolae_vaults_closet_pinwheel_3, nicolae_vaults_layer_cake_slice,
          nicolae_vaults_diamond_2, nicolae_vaults_tangram_2,
          ontoclasm_vaults_decontamination, vaults_room_semicircle,
          layout_vaults_ring
Vaults:2: dpeg_vaults_monster_box, nicolae_vaults_storage_closets_2, kb_rosetta,
          nicolae_vaults_windows_and_doors_thing, nicolae_vaults_sealed_display,
          nicolae_vaults_prndl, v_misc_10, nicolae_vaults_alarming,
          layout_vaults_big_room, serial_shops, bzr_entry_lakeside, shop_statue
Vaults:3: nicolae_vaults_arrows, ontoclasm_vaults_ring_large, v_rooms_3,
          nicolae_vaults_meeting, grunt_vaults_trifunnel,
          ontoclasm_vaults_misaligned, minmay_crypt_entry_simple_sparse,
          nicolae_vaults_specimen_jars, serial_ice_m, v_misc_27,
          hangedman_vaults_nails, nicolae_vaults_trapezoid_2,
          layout_vaults_omnicross, uniq_margery
Vaults:4: vaults_mumra_hex, nicolae_vaults_double_plus_1,
          nicolae_vaults_hallways_thing, nicolae_vaults_closet_pinwheel_1,
          kennysheep_vaults_gozag_temple, v_misc_14, vaults_room_hallway,
          v_pattern_5, ontoclasm_vaults_chip, layout_vaults_omnigrid
Vaults:5: serial_shops
Depths:1: layout_basic, chequers_serial_rivers_micro_a, grunt_metal_band,
          serial_shops, shop, drop_trap, minmay_hidden_floor,
          kennysheep_random_hallway, serial_bayou_shore_b
Depths:2: nzn_winding_woodlands_medium [nzn_winding_woodlands_5x5_three,
          nzn_winding_woodlands_5x15_twine,
          nzn_winding_woodlands_5x5_closed_star,
          nzn_winding_woodlands_5x5_cross, nzn_winding_woodlands_center_lodge,
          nzn_winding_woodlands_5x5_default, nzn_winding_woodlands_hourglass,
          nzn_winding_woodlands_5x15_default,
          nzn_winding_woodlands_5x5_checkerboard], layout_cave_shapes,
          pf_hell_entry_tar_river, grunt_pan_entry_in_and_out,
          serial_bayou_shore_b, uniq_saint_roka, uniq_sojobo
Depths:3: nicolae_fronds_of_death, layout_basic, hell_entry, abyss_entry,
          serial_shops, shop, shop, shop, nicolae_shop_waterfront,
          horrible_house_mu, uniq_enchantress
Depths:4: grunt_bruiser_brothers, layout_cave_pools, enter_ziggurat_a,
          lemuel_doored_altar, grunt_pan_entry_sceptre, grunt_hell_entry_dis_mu,
          serial_sigils, serial_sigils_hangedman_confine,
          serial_sigils_hangedman_etch, serial_sigils_hangedman_scar,
          serial_sigils_hangedman_snap
Zot:1:    layout_cathedral_of_symmetry, grunt_ministairs_12, evilmike_ambush
          [evilmike_ambush_outer_basic, evilmike_ambush_inner_basic],
          grunt_megastairs_4, uniq_vv

Skill      XL: |  1  2  3  4  5  6  7  8  9 10 11 12 13 14 15 16 17 18 19 20 21 22 23 |
---------------+----------------------------------------------------------------------+-----
Ranged Weapons | 3 4 5 6 7 8 10 12 13 15 16 18 20 21 22 | 22.0
Fighting       | 2 3 4 5 7 8 9 10 11 13 16 18 20 22 24 26 27 | 27.0
Armour         | 1 2 3 5 6 7 9 10 12 13 17 22 | 22.0
Dodging        | 3 5 6 7 9 11 13 15 18 20 21 22 | 22.0
Invocations    | 4 7 10 11 12 16 | 16.6
Spellcasting   | |  1.0
Hexes          | |  2.0

Action                     |  1- 3 |  4- 6 |  7- 9 | 10-12 | 13-15 | 16-18 | 19-21 | 22-24 || total
---------------------------+-------+-------+-------+-------+-------+-------+-------+-------++-------
   Fire: Sling             |   133 |   156 |       |       |       |       |       |       ||   289
         Orcbow            |       |       |   510 |   701 |       |       |       |       ||  1211
         Hand crossbow     |       |       |       |    74 |   453 |       |       |       ||   527
         Longbow           |       |       |       |       |   359 |  1337 |   863 |       ||  2559
         Heavy crossbow    |       |       |       |       |       |       |   260 |   393 ||   653
 Invoke: Heroism           |       |       |       |    26 |    22 |    32 |    20 |    23 ||   123
         Finesse           |       |       |       |     2 |     6 |     1 |    18 |    14 ||    41
    Use: Scroll            |     7 |     3 |     8 |    11 |     2 |     3 |       |     6 ||    40
         Potion            |     2 |     1 |     4 |       |     2 |     3 |     1 |     8 ||    21
 Armour: Ring mail         |    20 |    45 |   166 |   124 |       |       |       |       ||   355
         Troll leather arm |       |       |       |    52 |    58 |       |       |       ||   110
         Leather armour    |       |       |       |       |    11 |    38 |    73 |    69 ||   191
  Dodge: Dodged            |    30 |    54 |   221 |   466 |   348 |   337 |   632 |   772 ||  2860
         Repelled          |       |       |     3 |     5 |     2 |       |       |       ||    10

Table legend:
 A = Non-vault XP
 B = Vault XP
 C = Vault XP percentage of total XP
 D = Non-vault monster count
 E = Vault monster count
 F = Vault count percentage of total count
                 A         B        C        D         E       F
            +---------+---------+-------+---------+---------+-------
      Total |  443144 |  501728 |  53.1 |    1030 |     749 |  42.1
            +---------+---------+-------+---------+---------+-------
        D:1 |      17 |       0 |   0.0 |      10 |       0 |   0.0
        D:2 |      39 |       4 |   9.3 |      19 |       3 |  13.6
        D:3 |      66 |       0 |   0.0 |      25 |       0 |   0.0
        D:4 |     383 |     172 |  31.0 |      20 |       1 |   4.8
        D:5 |     895 |      49 |   5.2 |      16 |       2 |  11.1
        D:6 |     972 |       0 |   0.0 |      17 |       0 |   0.0
        D:7 |    1471 |       0 |   0.0 |      31 |       0 |   0.0
        D:8 |    2017 |       0 |   0.0 |      36 |       0 |   0.0
        D:9 |    3211 |    1975 |  38.1 |      29 |       2 |   6.5
       D:10 |    3388 |    2813 |  45.4 |      27 |      17 |  38.6
       D:11 |    4275 |    2860 |  40.1 |      28 |      13 |  31.7
       D:12 |    9305 |    3354 |  26.5 |      17 |      14 |  45.2
       D:13 |    8143 |   10743 |  56.9 |      21 |      25 |  54.3
       D:14 |    5115 |    3654 |  41.7 |      14 |       4 |  22.2
       D:15 |   24078 |    3823 |  13.7 |      47 |       6 |  11.3
     Lair:1 |    8709 |     433 |   4.7 |      32 |       6 |  15.8
     Lair:2 |   10175 |       0 |   0.0 |      33 |       0 |   0.0
     Lair:3 |    2620 |    3872 |  59.6 |      11 |      16 |  59.3
     Lair:4 |    6596 |    3191 |  32.6 |      12 |       8 |  40.0
     Lair:5 |    4021 |   15196 |  79.1 |      15 |      53 |  77.9
    Swamp:1 |   15478 |    4510 |  22.6 |      31 |       3 |   8.8
    Swamp:2 |   15507 |       0 |   0.0 |      27 |       0 |   0.0
    Swamp:3 |   11926 |    6741 |  36.1 |      23 |       9 |  28.1
    Swamp:4 |    4638 |   14109 |  75.3 |       8 |      22 |  73.3
    Snake:1 |   14684 |    1837 |  11.1 |      34 |       3 |   8.1
    Snake:2 |    8586 |       0 |   0.0 |      15 |       0 |   0.0
    Snake:3 |   17973 |   12438 |  40.9 |      33 |      20 |  37.7
    Snake:4 |   19833 |   22522 |  53.2 |      39 |      40 |  50.6
      Orc:1 |    3757 |    4507 |  54.5 |      18 |      16 |  47.1
      Orc:2 |    4229 |    8874 |  67.7 |      38 |      60 |  61.2
   Vaults:1 |   18257 |   21305 |  53.9 |      28 |      28 |  50.0
   Vaults:2 |   11123 |   22506 |  66.9 |      15 |      29 |  65.9
   Vaults:3 |   33395 |   44267 |  57.0 |      52 |      57 |  52.3
   Vaults:4 |   32943 |   46528 |  58.5 |      47 |      54 |  53.5
   Vaults:5 |   19644 |   94590 |  82.8 |      33 |      82 |  71.3
   Depths:1 |   31947 |   17234 |  35.0 |      39 |      17 |  30.4
   Depths:2 |   22024 |   30966 |  58.4 |      25 |      23 |  47.9
   Depths:3 |   21015 |   74224 |  77.9 |      26 |      63 |  70.8
   Depths:4 |   40689 |   17911 |  30.6 |      39 |      18 |  31.6
      Zot:1 |       0 |    3051 | 100.0 |       0 |       2 | 100.0
    Ossuary |       0 |    1188 | 100.0 |       0 |      32 | 100.0
     WizLab |       0 |     281 | 100.0 |       0 |       1 | 100.0
            +---------+---------+-------+---------+---------+-------
